 Dungeon Crawl Stone Soup version 0.32-a0-960-g3814254bd7 (webtiles) character file.

Game seed: 9438315227991894196

9340327 Flippered the Grand Master (level 27, 290/290 HPs)
             Began as a Pale Draconian Shapeshifter on Apr 15, 2024.
             Was the Champion of Jiyva.
             Escaped with the Orb
             ... and 9 runes
             ... and 1 gem on Apr 17, 2024!
             The game lasted 05:22:01 (62489 turns).

Flippered the Grand Master (DrSh)                  Turns: 62489, Time: 05:22:02

Health: 290/290    AC: 23    Str: 17    XL:     27
Magic:  23/23      EV: 34    Int: 23    God:    Jiyva [******]
Gold:   6290       SH:  5    Dex: 25    Spells: 26/26 levels left

rFire   + +          .
                       - Unarmed
rCold   + + .        (no shield)
rNeg    + + +        (body armour unavailable)
rPois   ∞            c - +2 hat {Stlth+}
rElec   .            X - +2 cloak "Uxzoij" {rF+ Str+2}
rCorr   +            M - +1 pair of gloves of Miexte {Rampage Fly rF+ Stlth+}
SInv    .            (boots unavailable)
Will    +++..        m - amulet "Yddiyw" {Reflect rN+ Dex+4 SH+5}
Stlth   ++           a - ring "Taehaer" {rCorr Int+5 Slay+3}
HPRegen 2.28/turn    e - ring "Saynt" {Ice Slay+5}
MPRegen 0.98/turn

%: reflection, resist mutation, rampage
@: death-form, flying, studying 2 skills
A: vile attack, torment immunity, no potions, (steam breath), AC +13, unfitting
armour, cold-blooded, steam resistance, antennae 1, stinger 1, talons 3, agile
1, fire resistance 1, mutation resistance 3, robust 1, gelatinous body 3, jelly
absorbing missiles
0: Orb of Zot
}: 9/15 runes: barnacled, slimy, abyssal, demonic, glowing, magical, fiery,
dark, gossamer
a: Siphon Essence, Begin Untransformation, Renounce Religion, Oozemancy, Slimify


You escaped.
You worshipped Jiyva.
Jiyva was exalted by your worship.
You were an undying horror.
You visited 14 branches of the dungeon, and saw 58 of its levels.
You visited Pandemonium 1 time, and saw 12 of its levels.
You visited the Abyss 1 time.
You visited 1 bazaar.
You also visited: Sewer, Gauntlet and Desolation.

You collected 7562 gold pieces.
You spent 1272 gold pieces at shops.

Inventory:

Hand Weapons
 b - the +6 arbalest "Damnation" {damnation}
   (You took it off a minotaur in a Gauntlet)
Missiles
 B - 4 throwing nets (quivered)
Armour
 c - a +2 hat of stealth (worn)
 y - a +2 pair of boots
 M - the +1 pair of gloves of Miexte (worn) {Rampage Fly rF+ Stlth+}
   (You found it in a Gauntlet)

   rF+:       It protects you from fire.
   Fly:       It grants you flight.
   Rampage:   It bestows one free step when moving towards enemies.
   Stlth+:    It makes you more stealthy.
 X - the +2 cloak "Uxzoij" (worn) {rF+ Str+2}
   (You found it on level 3 of the Lair of Beasts)

   Str+2:     It affects your strength (+2).
   rF+:       It protects you from fire.
Jewellery
 a - the ring "Taehaer" (left hand) {rCorr Int+5 Slay+3}
   (You found it in Pandemonium)

   [ring of resist corrosion]

   Int+5:     It affects your intelligence (+5).
   Slay+3:    It affects your accuracy & damage with ranged weapons and melee
   (+3).
   rCorr:     It protects you from acid and corrosion.
 e - the ring "Saynt" (right hand) {Ice Slay+5}
   (You found it on level 4 of the Lair of Beasts)

   [ring of ice]

   Ice:       It enhances your ice magic.
   Slay+5:    It affects your accuracy & damage with ranged weapons and melee
   (+5).
   rF-:       It makes you vulnerable to fire.
   rC+:       It protects you from cold.
 m - the amulet "Yddiyw" (around neck) {Reflect rN+ Dex+4 SH+5}
   (You took it off a vault guard on level 3 of the Vaults)

   [amulet of reflection]

   Reflect:   It reflects blocked missile attacks.
   Dex+4:     It affects your dexterity (+4).
   rN+:       It protects you from negative energy.
   SH+5:      It affects your SH (+5).
 n - the amulet of the Equinox {Spirit rPois rCorr}
   (You took it off a merfolk on level 1 of the Shoals)

   [amulet of guardian spirit]

   Spirit:    It causes incoming damage to be divided between your reserves of
   health and magic.
   rPois:     It protects you from poison.
   rCorr:     It protects you from acid and corrosion.
 s - the ring of Qietieg {rElec MP+9 Str+4}
   (You found it on level 3 of the Elven Halls)

   [ring of magical power]

   Str+4:     It affects your strength (+4).
   rElec:     It insulates you from electricity.
   MP+9:      It affects your magic capacity (+9).
 t - a ring of the Octopus King {rF+ HP+2 AC+2 EV+2 SH+2}
   (You took it off a deep elf sorcerer on level 3 of the Elven Halls)

   [ring of protection from fire]

   AC+2:      It affects your AC (+2).
   EV+2:      It affects your evasion (+2).
   rF+:       It protects you from fire.
   HP+2:      It affects your health (+2).
   SH+2:      It affects your SH (+2).
 U - the ring of Yputtepusche {Fly Will+ Dex+4}
   (You found it in the Desolation of Salt)

   [ring of willpower]

   Dex+4:     It affects your dexterity (+4).
   Will+:     It increases your willpower.
   Fly:       It grants you flight.
 Y - the ring of Grace {rF- rC++ AC+4 SInv Stlth+}
   (You found it in the Desolation of Salt)

   [ring of protection]

   AC+4:      It affects your AC (+4).
   rF-:       It makes you vulnerable to fire.
   rC++:      It greatly protects you from cold.
   SInv:      It lets you see invisible.
   Stlth+:    It makes you more stealthy.
Talismans
 N - a talisman of death (active)
 S - a maw talisman
Wands
 o - a wand of mindburst (25)
 p - a wand of flame (88)
 u - a wand of acid (34)
 E - a wand of polymorph (6)
 G - a wand of paralysis (48)
 T - a wand of digging (4)
 V - a wand of roots (43)
Scrolls
 g - 11 scrolls of fog
 j - 5 scrolls of enchant armour
 l - 8 scrolls of blinking
 r - 5 scrolls of revelation
 v - 16 scrolls of teleportation
 x - 8 scrolls of fear
 F - 3 scrolls of summoning
 H - 7 scrolls of enchant weapon
 K - 2 scrolls of torment
 R - 2 scrolls of silence
Potions
 d - 6 potions of enlightenment
 f - 8 potions of curing
 i - 9 potions of heal wounds
 k - 5 potions of haste
 q - 3 potions of magic
 w - 6 potions of cancellation
 z - 3 potions of mutation
 A - a potion of ambrosia
 D - 4 potions of resistance
 J - 9 potions of might
 L - 3 potions of brilliance
Miscellaneous
 I - a condenser vane
 O - the horn of Geryon
 P - a phantom mirror
 Q - a box of beasts


   Skills:
 + Level 24.9 Fighting
 - Level 18.3 Ranged Weapons
 + Level 20.7 Dodging
 - Level 0.3 Stealth
 O Level 27 Unarmed Combat
 + Level 21.9 Evocations
 + Level 24.5 Shapeshifting


You had 26 spell levels left.
You didn't know any spells.
Your spell library contained the following spells:

 Spells                   Type           Power      Damage    Failure   Level
 Apportation              Tloc           0%         N/A       16%         1
 Freeze                   Ice            0%         1d3       16%         1
 Kiss of Death            Conj/Necr      0%         2d5       16%         1
 Magic Dart               Conj           0%         1d3       16%         1
 Necrotise                Necr           0%         1d4       16%         1
 Shock                    Conj/Air       0%         1d3       16%         1
 Slow                     Hex            0%         N/A       16%         1
 Sting                    Conj/Alch      0%         1d3       16%         1
 Blink                    Tloc           0%         N/A       24%         2
 Call Imp                 Summ           0%         N/A       24%         2
 Cigotuvi's Dreadful Rot  Necr/Alch/Air  0%         N/A       24%         2
 Ensorcelled Hibernation  Hex/Ice        0%         N/A       24%         2
 Jinxbite                 Hex            0%         N/A       24%         2
 Lesser Beckoning         Tloc           0%         N/A       24%         2
 Mercury Vapours          Alch/Air       0%         N/A       24%         2
 Momentum Strike          Conj/Tloc      0%         3d8       24%         2
 Sublimation of Blood     Necr           0%         N/A       24%         2
 Confusing Touch          Hex            0%         N/A       43%         3
 Frozen Ramparts          Ice            0%         1d1       43%         3
 Fugue of the Fallen      Necr           0%         N/A       43%         3
 Hailstorm                Conj/Ice       0%         3d5       43%         3
 Inner Flame              Hex/Fire       0%         N/A       43%         3
 Maxwell's Portable Pile  Tloc           0%         2d(5-13)  43%         3
 Mephitic Cloud           Conj/Alch/Air  0%         N/A       43%         3
 Ozocubu's Armour         Ice            0%         N/A       43%         3
 Passwall                 Erth           0%         N/A       43%         3
 Sigil of Binding         Hex            0%         N/A       43%         3
 Swiftness                Air            0%         N/A       43%         3
 Vampiric Draining        Necr           0%         2d6       43%         3
 Volatile Blastmotes      Fire/Tloc      0%         2d10      43%         3
 Airstrike                Air            0%         2d(0-16)  83%         4
 Anguish                  Hex/Necr       0%         N/A       83%         4
 Animate Dead             Necr           0%         N/A       83%         4
 Brom's Barrelling Bould  Conj/Erth      0%         2d3       83%         4
 Cause Fear               Hex            0%         N/A       83%         4
 Dimensional Bullseye     Hex/Tloc       0%         N/A       83%         4
 Dispel Undead            Necr           0%         3d6       83%         4
 Fulminant Prism          Conj/Alch      0%         3d5       83%         4
 Ignite Poison            Fire/Alch      0%         N/A       83%         4
 Iskenderun's Mystic Bla Conj/Tloc 0%             2d3        (+2d1     83%         4
 Leda's Liquefaction      Alch/Erth      0%         N/A       83%         4
 Martyr's Knell           Necr/Summ      0%         N/A       83%         4
 Olgreb's Toxic Radiance  Alch           0%         N/A       83%         4
 Petrify                  Alch/Erth      0%         N/A       83%         4
 Sticky Flame             Fire/Alch      0%         2d4       83%         4
 Summon Lightning Spire   Summ/Air       0%         N/A       83%         4
 Alistair's Intoxication  Alch           0%         N/A       99%         5
 Curse of Agony           Necr           0%         N/A       99%         5
 Freezing Cloud           Conj/Ice/Air   0%         6-21      99%         5
 Lee's Rapid Deconstruct  Erth           0%         3d4*      99%         5
 Metabolic Englaciation   Hex/Ice        0%         N/A       99%         5
 Summon Forest            Summ/Tloc      0%         N/A       99%         5
 Summon Mana Viper        Hex/Summ       0%         N/A       99%         5
 Bombard                  Conj/Erth      0%         9d1       100%        6
 Dispersal                Tloc           0%         N/A       100%        6
 Eringya's Noxious Bog    Alch           0%         4d6       100%        6
 Gell's Gavotte           Tloc           0%         2d(11-16) 100%        6
 Starburst                Conj/Fire      0%         6d3       100%        6
 Summon Cactus Giant      Summ           0%         N/A       100%        6
 Enfeeble                 Hex            0%         N/A       100%        7
 Haunt                    Necr/Summ      0%         N/A       100%        7
 Malign Gateway           Summ/Tloc      0%         N/A       100%        7
 Manifold Assault         Tloc           0%         N/A       100%        7
 Monstrous Menagerie      Summ           0%         N/A       100%        7
 Seismic Cannonade        Alch/Erth      0%         6d4       100%        7
 Summon Hydra             Summ           0%         N/A       100%        7
 Discord                  Hex            0%         N/A       100%        8
 Disjunction              Tloc           0%         N/A       100%        8
 Infestation              Necr           0%         N/A       100%        8
 Summon Horrible Things   Summ           0%         N/A       100%        8


Dungeon Overview and Level Annotations

Branches:
Dungeon (15/15)            Temple (0/1) D:6            Lair (5/5) D:10
 Shoals (4/4) Lair:3       Spider (4/4) Lair:3        Slime (5/5) Lair:5
    Orc (2/2) D:12            Elf (3/3) Orc:2        Vaults (4/5) D:13
  Crypt (3/3) Vaults:3       Tomb (0/3) Crypt:3      Depths (4/4) D:15
   Hell (visited)             Dis (1/7) Hell            Geh (0/7) Hell
    Coc (2/7) Hell            Tar (0/7) Hell            Zot (5/5) Depths:4
  Sewer (visited)         Desolation (visited)      Gauntlet (visited)

Altars:
Ashenzari
Cheibriados
Elyvilon
Fedhas
Gozag
Hepliaklqana
Kikubaaqudgha
Makhleb
Nemelex Xobeh
Okawaru
Trog
Uskayaw
Vehumet
Xom
Yredelemnul
Beogh
Jiyva

Shops:
D:5 [(:?   Orc:2 *(*!   Elf:1 :   Elf:3 ?   Shoals:1 (   Shoals:2 =[*(*
Vaults:1 [(*

Portals:
Hell: Depths:1 Depths:2 Depths:3 Depths:4
Abyss: Depths:1 Depths:2 Depths:3
Pandemonium: Depths:2 Depths:4
Ziggurat: Depths:1

Annotations:
D:10 2 transporters
Slime:5 Royal Jelly
Zot:1 2 transporters, Duygiuh's ghost, legendary CoWr


Innate Abilities, Weirdness & Mutations

You are an undying horror.
Your melee and unarmed attacks drain, slow and weaken victims.
You are immune to unholy pain and torment.
You cannot drink.
You are immune to poison.
((You can breathe blasts of scalding, opaque steam.))
Your pale cyan-grey scales are hard. (AC +13)
You cannot fit into any form of body armour.
You are cold-blooded and may be slowed by cold attacks.
You are immune to the effects of steam.
You have a pair of small antennae on your head.
Your tail ends in a venomous barb.
You have claws for feet.
You are agile. (Dex +4, Str/Int -1)
Your flesh is heat resistant. (rF+)
You are almost entirely resistant to further mutation and mutation removal.
You are robust. (+10% HP)
Your gelatinous body deflects attacks. (AC +3, EV +3)
You have a small jelly attached to you that may absorb projectiles.


Message History

You punch the soul eater!
The soul eater decays.
You claw the soul eater, but do no damage.
The soul eater is severely wounded.
The sun demon barely misses you.
You barely miss the soul eater.
You claw the soul eater, but do no damage.
You tail-slap the soul eater!
The soul eater is poisoned.
You punch the soul eater.
You kill the soul eater!
The sun demon misses you.
You completely miss the sun demon.
You claw the sun demon, but do no damage.
You pound the sun demon into fine dust!!!
The sun demon decays.
You claw the sun demon!
The sun demon is almost dead.
The sun demon completely misses you.
You squash the sun demon like an ant!!!
You kill the sun demon!
A seraph and an angel come into view.
The seraph is wielding a +5 great sword of flaming.
The angel is wielding a +2 sacred scourge of holy wrath.
Unknown command.
The seraph moves out of view.
You are no longer corroded.
There is a stone staircase leading up here.
You fly upwards.
There is a stone staircase leading down here.
A Hell Sentinel comes into view.
Jiyva gurgles merrily.
There is a stone staircase leading up here.
You fly upwards.
There is a stone staircase leading down here.
There is an empty arch of ancient stone here.
A Brimstone Fiend comes into view.
There is a stone staircase leading up here.
The Brimstone Fiend gestures at you.
The sphere of damnation explodes!
The damnation engulfs you!!
You fly upwards.
There is a stone staircase leading down here.
There is a staircase leading out of the dungeon here.
You have escaped!

###### #.# #....# ##§.§## #.#
#....# ##§§≈§.## #.# #....#
#..§§§..# #.# #....#
#.≈...≈.# #.# #....#
###.≈...≈.### #.# .....#
#...≈.......## #.# #..###
####.≈§≈§≈§≈≈≈..### #.# ##..#
##.§§≈§.≈§z....≈...### #.#
###.###..≈§§§§.§.§....≈≈...#
#.# #
#.....≈.§§§≈§≈≈.......≈..#
#.# #
###....≈≈≈≈§§....≈≈≈≈≈§..#
##.# #
#......................###..#
#
#...........###............##
########....>....###########
#.###.###.# #....##### #.#
#.# #.# #.##.#....


There were no monsters in sight!

Vanquished Creatures
  Cerebov (Pan)
  Mnoleg (Pan)
  Gloorx Vloq (Pan)
  Lom Lobon (Pan)
  4 dread liches (Zot:5)
  Frederick (Crypt:1)
  6 orbs of fire
  2 ancient liches
  Mennas (Crypt:2)
  A juggernaut (Depths:4)
  Xtahua (Crypt:2)
  Parghit (Zot:1)
  9 Killer Klowns
  4 curse toes
  Bai Suzhen (Crypt:3)
  8 golden dragons
  Geryon (Hell)
  Norris (Elf:2)
  A profane servitor (Crypt:3)
  6 Tzitzimimeh
  3 electric golems
  6 Brimstone Fiends
  6 pandemonium lords
  15 tentacled monstrosities
  4 doom hounds
  7 Ice Fiends
  A Hell Sentinel (Pan)
  8 liches
  Rupert (D:14)
  Jorgrun (D:12)
  4 quicksilver dragons
  26 Orb Guardians
  Grunn (Depths:4)
  3 deep elf blademasters (Elf:3)
  6 searing wretches
  4 titans
  20 Executioners
  3 walking frostbound tomes (Pan)
  4 sphinxes
  Gastronok (D:11)
  The ghost of Jemiumer the Gelid, an adept OpCA of Ignis (Lair:3)
  A tentacled starspawn (Abyss:4)
  8 death cobs
  2 tengu reavers
  11 ancient champions
  8 protean progenitors
  5 shadow dragons
  9 storm dragons
  Ilsuiw (Shoals:1)
  Donald (Spider:1)
  4 fire giants
  5 revenants
  3 iron dragons
  9 demonspawn warmongers (Pan)
  2 deep elf sorcerers
  7 frost giants
  5 draconian monks
  A ghost moth (shapeshifter) (Depths:4)
  12 vault wardens
  3 draconian knights (Zot:1)
  4 draconian scorchers
  5 draconian shifters
  12 emperor scorpions
  A nargun (Coc:1)
  4 curse skulls
  2 deep elf elementalists
  31 balrugs
  8 ghost moths
  An imperial myrmidon (Desolation)
  5 orc warlords
  16 reapers
  6 demonspawn corrupters (Pan)
  4 draconian stormcallers
  20 ironbound preservers
  A caustic shrike skeleton (Pan)
  13 stone giants
  6 ghouls
  An ophan (Abyss:4)
  7 demonspawn blood saints (Pan)
  19 very ugly things
  Louise (Spider:1)
  17 cacodemons
  10 draconian annihilators
  5 broodmothers
  A juggernaut skeleton (Pan)
  13 ironbound thunderhulks
  11 deep elf demonologists
  6 lorocyprocas
  9 vampire knights
  3 putrid mouths (Depths:4)
  13 demonspawn black suns (Pan)
  6 green draconians
  12 deep elf annihilators
  A halazid warlock (Desolation)
  14 black draconians
  Azrael (D:15)
  8 deep elf death magi
  A minotaur (Gauntlet)
  5 war gargoyles
  9 yellow draconians
  2 spark wasps
  16 purple draconians
  2 elemental wellsprings (Coc:1)
  3 dire elephants
  8 red draconians
  8 white draconians
  2 wendigos
  4 eidola
  An iron golem (Dis:1)
  17 blizzard demons
  A merfolk javelineer (Shoals:4)
  Josephine (Orc:1)
  3 fire dragons
  8 ettins
  6 crystal guardians
  12 deep elf high priests
  6 entropy weavers
  7 green deaths
  6 merfolk impalers
  Fannar (Lair:1)
  7 ragged hierophants (Desolation)
  10 vault guards
  10 jiangshi
  A kraken zombie (Hell)
  11 yaktaur captains
  5 ice dragons
  5 rakshasas
  10 ironbound frosthearts
  5 spriggan air magi
  12 hydras
  Harold (Orc:1)
  A jorogumo (Spider:4)
  4 hell beasts
  8 servants of whispers (Desolation)
  3 caustic shrike simulacra
  2 ogre magi
  An alligator (Depths:4)
  11 peacekeepers
  13 boulder beetles
  3 radroaches
  A death knight (D:14)
  8 merfolk avatars
  2 satyrs
  A stoker (Hell)
  A juggernaut simulacrum (Coc:1)
  11 two-headed ogres
  7 centaur warriors
  2 spriggan skeletons
  19 hell hogs
  5 merfolk aquamancers
  19 tengu warriors
  22 dancing weapons
  An alligator snapping turtle (Shoals:3)
  An azure jelly zombie (Crypt:3)
  6 deep troll shamans
  14 deep troll earth magi
  17 death yaks
  A death scarab (Spider:4)
  7 vampire magi
  13 demonic crawlers
  13 spriggan berserkers
  32 soul eaters
  4 orc high priests (Orc:2)
  22 hell knights
  3 thrashing horrors
  3 occultists
  3 spectral emperor scorpions (Pan)
  81 sun demons
  15 deep elf knights
  A storm dragon zombie (Crypt:3)
  2 wretched stars
  16 iron trolls
  A fire crab (D:14)
  14 shadow wraiths
  7 hellephant skeletons (Pan)
  14 sixfirhies
  7 skysharks
  84 deep trolls
  38 skeletal warriors
  2 goliath frogs (Pan)
  3 quicksilver dragon simulacra
  10 sun moths
  9 pharaoh ants
  16 large abominations
  Lodul (D:11)
  4 flayed ghosts
  A bunyip zombie (Crypt:1)
  An anaconda zombie (Hell)
  13 deep elf archers
  10 sea snakes
  10 orb spiders
  An orb spider (shapeshifter) (Elf:3)
  12 shadow demons (Pan)
  19 ironbound convokers
  2 bog bodies (Crypt:3)
  24 harpies
  A spriggan simulacrum (Coc:1)
  8 arcanists
  12 lindwurms
  10 phantasmal warriors
  13 steelbarb worms
  A lindwurm (shapeshifter) (Depths:2)
  A bunyip skeleton (Hell)
  6 thermic dynamos (Elf:3)
  16 orc knights
  2 orange crystal statues (Depths:3)
  A sphinx simulacrum (Depths:3)
  5 obsidian bats
  13 necromancers
  A golden dragon skeleton (Crypt:1)
  31 deep elf pyromancers
  21 deep elf zephyrmancers
  23 wolf spiders
  13 cyclopes
  29 ugly things
  10 fauns
  A jorogumo skeleton (Crypt:1)
  10 manticores
  A stone giant zombie (Crypt:2)
  11 orc sorcerers
  An alligator skeleton (Hell)
  32 moths of wrath
  An iron dragon skeleton (Crypt:2)
  7 rust devils (Hell)
  13 elephants
  3 guardian serpents (Desolation)
  A centaur zombie (Hell)
  A guardian serpent (shapeshifter) (Elf:3)
  3 black mambas
  7 kobold blastminers (Orc:2)
  27 smoke demons
  4 Executioner simulacra (Pan)
  13 vault sentinels
  A stone giant skeleton (Depths:1)
  9 meliai
  Joseph (D:8)
  8 water nymphs
  11 merfolk sirens
  A titan simulacrum (Coc:1)
  7 molten gargoyles
  An elephant slug zombie (Crypt:2)
  10 ice statues
  2 alligator snapping turtle zombies (Crypt:3)
  17 orange demons
  An unseen horror zombie (Crypt:3)
  A gargoyle (D:14)
  8 torpor snails
  11 cane toads
  Maggie (Lair:2)
  A purple draconian zombie (Crypt:2)
  7 rime drakes
  4 tengu conjurers
  10 tormentors
  2 anaconda simulacra
  13 hellions
  24 yaktaurs
  6 efreet
  5 freezing wraiths
  7 komodo dragons
  A sea snake skeleton (Hell)
  A spark wasp simulacrum (Depths:1)
  A sea snake zombie (Hell)
  17 ice devils
  A silent spectre (Vaults:1)
  A hydra zombie (Hell)
  3 harpy zombies
  A queen bee (Lair:3)
  A golden dragon simulacrum (Depths:3)
  6 red devils
  26 merfolk
  A harpy skeleton (Crypt:2)
  Grinder (D:4)
  22 hellwings (Pan)
  A queen bee (shapeshifter) (D:14)
  7 trolls
  7 wind drakes
  A polar bear (Lair:4)
  48 saltlings (Desolation)
  20 hornets
  29 blink frogs
  36 jumping spiders
  A moth of wrath zombie (Crypt:1)
  A hydra skeleton (Hell)
  26 tarantellas
  A raiju (Abyss:4)
  2 snapping turtles (Shoals:4)
  9 dream sheep
  A snapping turtle (shapeshifter) (Depths:1)
  A sun moth zombie (Crypt:1)
  A slime creature (Pan)
  An ice dragon skeleton (Crypt:3)
  A meliai zombie (Crypt:1)
  An air elemental (Elf:2)
  26 culicivoras
  2 spriggans
  14 ynoxinuls (Pan)
  A culicivora (shapeshifter) (D:14)
  5 centaur simulacra
  2 ettin skeletons
  8 vampires
  8 wraiths
  3 wyverns
  12 water elementals
  A shadow (D:12)
  A human (shapeshifter) (D:14)
  A fire bat (Abyss:4)
  34 yaks
  Eustachio (D:6)
  20 neqoxecs
  A dire elephant simulacrum (Coc:1)
  2 steam dragons
  A redback simulacrum (D:15)
  8 basilisks
  3 fire elementals (D:15)
  7 wargs
  Menkaure (D:6)
  71 redbacks
  23 chaos spawn (Pan)
  4 small abominations (Abyss:4)
  A water nymph zombie (Crypt:1)
  A merfolk zombie (Crypt:3)
  2 naga zombies
  4 hell hounds
  4 hydra simulacra
  A deep troll skeleton (Crypt:2)
  2 naga skeletons
  11 water moccasins
  An acid dragon (D:9)
  A cane toad skeleton (Crypt:1)
  40 orc warriors
  A sky beast (D:7)
  6 ettin simulacra
  A glowing shapeshifter skeleton (Vaults:1)
  2 blink frog zombies (Crypt:2)
  26 laughing skulls
  A sky beast (shapeshifter) (D:13)
  An elephant zombie (Crypt:2)
  3 boggarts (Vaults:2)
  A merfolk simulacrum (Crypt:3)
  18 ogres
  18 centaurs
  5 wolves (Lair:1)
  A dream sheep skeleton (Crypt:1)
  A kobold brigand (D:6)
  A phantom (D:3)
  6 brain worms (Pan)
  2 gnoll sergeants
  8 bullfrogs
  A komodo dragon skeleton (Crypt:3)
  3 glowing shapeshifter simulacra
  A two-headed ogre simulacrum (Coc:1)
  2 naga simulacra (Coc:1)
  A yaktaur skeleton (Crypt:2)
  6 scorpions
  2 earth elementals
  11 wights
  14 killer bees
  3 howler monkeys
  6 electric eels
  4 lava snakes (Lair:4)
  2 bombardier beetles
  A wolf skeleton (Crypt:2)
  2 jellies (Sewer)
  4 gnoll boudas
  30 orc priests
  2 sleepcaps
  A starcursed mass (Abyss:4)
  A centaur skeleton (Crypt:3)
  3 iguanas
  19 orc wizards
  3 hell rats (Hell)
  A sky beast zombie (Crypt:3)
  A hound zombie (Crypt:1)
  21 gnolls
  A swamp drake zombie (Crypt:2)
  8 adders
  A river rat (Sewer)
  A shadow imp (D:8)
  3 white imps
  6 ufetubi
  An iguana skeleton (Crypt:3)
  A dart slug (D:4)
  4 ribbon worms
  106 orcs
  9 ball pythons
  11 endoplasms
  4 giant cockroaches
  7 goblins
  5 hobgoblins
  16 jackals
  11 kobolds
  4 quokkas
  3 bats
  A dart slug zombie (Crypt:1)
  6 frilled lizards
  An orc zombie (Crypt:2)
  5 rats
  3 aspiring fleshes
  4 ball lightnings (Pan)
  25 fire vortices (Pan)
  3 starspawn tentacles (Abyss:4)
  2 tentacles (Hell)
3106 creatures vanquished.

Vanquished Creatures (collateral kills)
  Aizul (Shoals:3)
  A merfolk javelineer (Shoals:4)
  An alligator snapping turtle (Shoals:3)
  A merfolk avatar (Shoals:3)
  A radroach (Spider:2)
  An orb spider (Spider:2)
  A necromancer (Vaults:1)
  A wolf spider (Spider:2)
  A cyclops (D:11)
  A tarantella (Spider:2)
  A wind drake (Shoals:4)
  A culicivora (Spider:2)
12 creatures vanquished.

Vanquished Creatures (others)
  3 caustic shrikes (Depths:4)
  A sphinx (Vaults:2)
  An eldritch tentacle (Pan)
  A rockslime (Depths:4)
  An acid blob (Depths:4)
  5 azure jellies (Depths:4)
  A vault warden (Vaults:2)
  2 very ugly things (Depths:4)
  A ghost moth (Zot:5)
  3 formless jellyfish
  2 ironbound preservers
  A demonspawn corrupter (Pan)
  4 quicksilver oozes (Depths:4)
  2 demonspawn blood saints (Pan)
  A draconian annihilator (Pan)
  A deep elf demonologist (Elf:3)
  A green draconian (Depths:4)
  2 ironbound thunderhulks
  2 deep elf annihilators
  A lorocyproca (Pan)
  A spark wasp (Depths:4)
  A merfolk javelineer (Shoals:4)
  6 great orbs of eyes
  An ogre mage (Abyss:3)
  A rakshasa (Pan)
  2 ironbound frosthearts (Vaults:3)
  2 deep troll shamans (Depths:4)
  2 deep troll earth magi (Depths:4)
  A spriggan berserker (Depths:2)
  A tengu warrior (Depths:2)
  5 hell knights (Depths:4)
  2 iron trolls (Depths:4)
  2 deep trolls
  A skyshark (Elf:2)
  9 glowing orange brains
  A deep elf pyromancer (D:14)
  A necromancer (Depths:4)
  A lindwurm (Vaults:1)
  2 ironbound convokers (Vaults:2)
  A shining eye (Depths:4)
  2 vault sentinels (Vaults:3)
  A moth of wrath (Zot:1)
  A water nymph (Shoals:1)
  A merfolk siren (Shoals:2)
  A titan simulacrum (Coc:1)
  A yaktaur (Vaults:3)
  A tengu conjurer (Depths:2)
  A hellwing (Pan)
  A troll (Orc:2)
  A glass eye (Depths:2)
  A dream sheep (Shoals:1)
  33 slime creatures
  4 golden eyes (Pan)
  A ynoxinul (Pan)
  2 yaks (Lair:1)
  A basilisk (D:14)
  A fire bat (Abyss:3)
  A neqoxec (Pan)
  5 chaos spawn
  An orc warrior (Orc:2)
  A black bear (D:5)
  An ettin simulacrum (Depths:2)
  A kobold brigand (D:10)
  2 bullfrogs
  2 scorpions
  A killer bee (Lair:3)
  343 jellies
  A howler monkey (D:9)
  A lava snake (Lair:4)
  An orc priest (Orc:2)
  A bombardier beetle (D:4)
  3 orc wizards
  3 hell rats (Hell)
  2 gnolls
  2 dart slugs (D:4)
  8 orcs
  A ball python (D:4)
  2 hobgoblins (D:4)
  3 jackals (D:4)
  A quokka (D:4)
  3 kobolds (D:10)
  5 ball lightnings (Pan)
  3 fire vortices (Pan)
  2 starspawn tentacles (Abyss:4)
  9 tentacles (Hell)
542 creatures vanquished.

Grand Total: 3660 creatures vanquished

Notes
Turn   | Place    | Note
-------+----------+-------------------------------------------
     0 | D:1      | Flippered the Draconian Shapeshifter began the quest for
                  | the Orb.
     0 | D:1      | Reached XP level 1. HP: 16/16 MP: 1/1
   153 | D:1      | Reached XP level 2. HP: 20/23 MP: 2/2
   528 | D:1      | You fall into a shaft and drop 1 floor!
   575 | D:2      | Reached XP level 3. HP: 24/28 MP: 3/3
   610 | D:2      | Reached skill level 4 in Unarmed Combat
   978 | D:2      | Reached XP level 4. HP: 35/35 MP: 4/4
  1041 | D:2      | Found a faded altar of an unknown god.
  1195 | D:2      | Identified the +0 leather armour of Usopnenk {Rampage +Inv
                  | Int+3}
  1401 | D:3      | Noticed a phantom
  1407 | D:3      | Killed a phantom
  1408 | D:3      | Reached skill level 5 in Unarmed Combat
  1408 | D:3      | Reached XP level 5. HP: 40/40 MP: 5/5
  1548 | D:3      | Found a radiant altar of Vehumet.
  2037 | D:4      | Noticed Grinder
  2048 | D:4      | Paralysed by Grinder for 4 turns
  2063 | D:4      | Paralysed by Grinder for 3 turns
  2070 | D:4      | Killed Grinder
  2071 | D:4      | Reached skill level 6 in Unarmed Combat
  2071 | D:4      | Reached XP level 6. HP: 6/47 MP: 6/6
  2411 | D:4      | Found a glowing drain.
  2430 | Sewer    | Entered a sewer
  2584 | Sewer    | Found a viscous altar of Jiyva.
  2592 | Sewer    | Your scales start taking on a pale cyan-grey colour.
  2592 | Sewer    | Reached XP level 7. HP: 46/52 MP: 7/7
  2592 | Sewer    | Gained mutation: You are immune to the effects of steam.
                  | [Pale Draconian growth]
  2680 | Sewer    | Became a worshipper of Jiyva Jahebarr the Shapeless
  2927 | D:4      | Reached skill level 7 in Unarmed Combat
  2927 | D:4      | Reached skill level 5 in Shapeshifting
  3411 | D:4      | Found an iron altar of Okawaru.
  3414 | D:4      | Found a burning altar of Makhleb.
  3417 | D:4      | Found a basalt altar of Yredelemnul.
  3722 | D:5      | Entered Level 5 of the Dungeon
  3722 | D:5      | Found Itabial's Antique Weapon Boutique.
  3754 | D:5      | Found Kiaqu's Book Emporium.
  3999 | D:5      | Reached * piety under Jiyva
  4086 | D:5      | Found Qun Ytal's Armour Shop.
  4288 | D:5      | Noticed a yak
  4289 | D:5      | Noticed a yak
  4289 | D:5      | Noticed a yak
  4297 | D:5      | Killed a yak
  4304 | D:5      | Killed a yak
  4305 | D:5      | Reached skill level 8 in Unarmed Combat
  4305 | D:5      | Reached XP level 8. HP: 42/62 MP: 8/8
  4438 | D:5      | Found Nafiabuy's Magic Scroll Shoppe.
  4442 | D:5      | Reached ** piety under Jiyva
  4491 | D:5      | Found an opulent altar of Gozag.
  4704 | D:6      | Noticed Menkaure
  4720 | D:6      | Killed Menkaure
  4947 | D:6      | Noticed Eustachio
  4961 | D:6      | Killed Eustachio
  4971 | D:6      | Reached skill level 9 in Unarmed Combat
  5101 | D:6      | Found a staircase to the Ecumenical Temple.
  5116 | D:6      | Reached *** piety under Jiyva
  5212 | D:6      | Reached XP level 9. HP: 61/72 MP: 9/9
  5238 | D:6      | Found a snail-covered altar of Cheibriados.
  5350 | D:6      | Gained mutation: You have a small jelly attached to you
                  | that may absorb projectiles. [Jiyva's grace]
  5350 | D:6      | Gained mutation: You have sharp toenails. [Jiyva's grace]
  5350 | D:6      | Gained mutation: You have razor-sharp toenails. [Jiyva's
                  | grace]
  5350 | D:6      | Gained mutation: You have claws for feet. [Jiyva's grace]
  5587 | D:7      | Found a white marble altar of Elyvilon.
  5747 | D:7      | Reached skill level 5 in Fighting
  5805 | D:7      | Reached skill level 10 in Unarmed Combat
  6023 | D:7      | Reached **** piety under Jiyva
  6861 | D:8      | Found a hide-covered altar of Uskayaw.
  6891 | D:8      | Noticed a two-headed ogre
  6891 | D:8      | Noticed a two-headed ogre
  6900 | D:8      | Killed a two-headed ogre
  6901 | D:8      | Reached skill level 11 in Unarmed Combat
  6901 | D:8      | Reached XP level 10. HP: 74/84 MP: 8/10
  6904 | D:8      | Killed a two-headed ogre
  6922 | D:8      | Found the +8 pair of quick blades "Gyre" and "Gimble"
                  | {protect}
  7065 | D:8      | Noticed Joseph
  7081 | D:8      | Paralysed by Joseph for 5 turns
  7093 | D:8      | Killed Joseph
  7106 | D:8      | Found a hazy altar of Hepliaklqana.
  7787 | D:9      | Reached ***** piety under Jiyva
  7947 | D:9      | Found a blossoming altar of Fedhas.
  8014 | D:9      | Lost mutation: You have claws for feet. [Jiyva's grace]
  8014 | D:9      | Gained mutation: Your spells are a little harder to cast,
                  | but a little more powerful. [Jiyva's grace]
  8014 | D:9      | Gained mutation: Your spells are harder to cast, but more
                  | powerful. [Jiyva's grace]
  8014 | D:9      | Gained mutation: Your spells are much harder to cast, but
                  | much more powerful. [Jiyva's grace]
  8014 | D:9      | Gained mutation: You have a pair of small horns on your
                  | head. [Jiyva's grace]
  8397 | D:10     | Entered Level 10 of the Dungeon
  8464 | D:10     | Found a staircase to the Lair.
  8477 | D:10     | Noticed an arcanist
  8483 | D:10     | Killed an arcanist
  8484 | D:10     | Reached skill level 12 in Unarmed Combat
  8556 | D:10     | Found a transporter.
  8559 | D:10     | Noticed a black mamba
  8862 | D:10     | Identified the +2 helmet of Integrity {Rampage rC+}
  8934 | D:10     | Found a transporter.
  9066 | D:11     | Noticed a cyclops
  9082 | D:11     | Killed a cyclops
  9106 | D:11     | Noticed a two-headed ogre
  9113 | D:11     | Killed a two-headed ogre
  9113 | D:11     | Noticed a two-headed ogre
  9114 | D:11     | Reached XP level 11. HP: 94/94 MP: 11/11
  9120 | D:11     | Killed a two-headed ogre
  9309 | D:11     | Noticed Lodul
  9325 | Lair:1   | Entered Level 1 of the Lair of Beasts
  9361 | Lair:1   | Reached ****** piety under Jiyva
  9386 | Lair:1   | Reached skill level 5 in Dodging
  9589 | Lair:1   | Reached skill level 13 in Unarmed Combat
  9884 | Lair:1   | Noticed a five-headed hydra
  9903 | Lair:1   | Killed a five-headed hydra
 10035 | Lair:1   | Noticed Fannar
 10056 | Lair:1   | Killed Fannar
 10075 | Lair:1   | Lost mutation: You have a pair of small horns on your head.
                  | [Jiyva's grace]
 10075 | Lair:1   | Gained mutation: Your system is resistant to poisons.
                  | (rPois) [Jiyva's grace]
 10075 | Lair:1   | Gained mutation: You are covered in slimy tendrils that may
                  | disarm your opponents. [Jiyva's grace]
 10075 | Lair:1   | Gained mutation: You possess an exceptional clarity of
                  | mind. [Jiyva's grace]
 10075 | Lair:1   | Gained mutation: You have hidden genetic potential.
                  | [Jiyva's grace]
 10488 | Lair:2   | Reached XP level 12. HP: 105/105 MP: 12/12
 10837 | Lair:2   | Noticed Maggie
 10847 | Lair:2   | Killed Maggie
 10848 | Lair:2   | Reached skill level 14 in Unarmed Combat
 11605 | Lair:3   | Found a staircase to the Shoals.
 11627 | Lair:3   | Reached skill level 10 in Fighting
 11757 | Lair:3   | Noticed Jemiumer's ghost (adept OpCA)
 11835 | Lair:3   | Found a hole to the Spider Nest.
 11880 | Lair:3   | Reached skill level 10 in Shapeshifting
 11923 | Lair:3   | Lost mutation: You have hidden genetic potential. [Jiyva's
                  | grace]
 11923 | Lair:3   | Gained mutation: You have hidden genetic potential.
                  | [Jiyva's grace]
 11923 | Lair:3   | Gained mutation: You have great hidden genetic potential.
                  | [Jiyva's grace]
 11923 | Lair:3   | Gained mutation: Your muscles are strong. (Str +4, Int/Dex
                  | -1) [Jiyva's grace]
 11923 | Lair:3   | Gained mutation: Your muscles are very strong. (Str +8,
                  | Int/Dex -2) [Jiyva's grace]
 12106 | Lair:3   | Identified the ring "Larats" {rPois Will- MP+9 Int+2}
 12110 | Lair:3   | Found a transporter.
 12115 | Lair:3   | Found a transporter.
 12553 | Lair:4   | Noticed a death yak
 12553 | Lair:4   | Noticed a death yak
 12554 | Lair:4   | Noticed a death yak
 12554 | Lair:4   | Noticed a death yak
 12556 | Lair:4   | Noticed a death yak
 12579 | Lair:4   | Noticed a death yak
 12584 | Lair:4   | Killed a death yak
 12591 | Lair:4   | Killed a death yak
 12604 | Lair:4   | Killed a death yak
 12605 | Lair:4   | Reached skill level 15 in Unarmed Combat
 12605 | Lair:4   | Killed a death yak
 12610 | Lair:4   | Killed a death yak
 12612 | Lair:4   | Killed a death yak
 12699 | Lair:4   | Identified the ring "Saynt" {Ice Slay+5}
 12754 | Lair:4   | Noticed a six-headed hydra
 12765 | Lair:4   | Killed a six-headed hydra
 12766 | Lair:4   | Reached XP level 13. HP: 95/114 MP: 11/13
 13315 | Lair:5   | Entered Level 5 of the Lair of Beasts
 13468 | Lair:5   | Gained mutation: You are covered in fur. (AC +1) [hidden
                  | potential]
 13569 | Lair:5   | Reached skill level 16 in Unarmed Combat
 13570 | Lair:5   | Found a runed translucent door.
 13571 | Lair:5   | Found a viscous altar of Jiyva.
 13571 | Lair:5   | Noticed an azure jelly
 13660 | Lair:5   | Lost mutation: Your spells are much harder to cast, but
                  | much more powerful. [Jiyva's grace]
 13660 | Lair:5   | Lost mutation: You have great hidden genetic potential.
                  | [Jiyva's grace]
 13660 | Lair:5   | Gained mutation: You are agile. (Dex +4, Str/Int -1)
                  | [Jiyva's grace]
 13660 | Lair:5   | Gained mutation: You are very agile. (Dex +8, Str/Int -2)
                  | [Jiyva's grace]
 13660 | Lair:5   | Gained mutation: You have sharp fingernails. [Jiyva's
                  | grace]
 13660 | Lair:5   | Gained mutation: You have very sharp fingernails. [Jiyva's
                  | grace]
 13759 | Lair:5   | Found a gate leading to a gauntlet.
 13769 | Gauntlet | Entered a Gauntlet
 13769 | Gauntlet | Found a transporter.
 13769 | Gauntlet | Found a transporter.
 13773 | Gauntlet | Found a transporter.
 13783 | Gauntlet | Noticed a green death
 13796 | Gauntlet | Found a transporter.
 13797 | Gauntlet | Found a transporter.
 13801 | Gauntlet | Found a transporter.
 13807 | Gauntlet | Found a transporter.
 13807 | Gauntlet | Found a transporter.
 13810 | Gauntlet | Found a transporter.
 13818 | Gauntlet | Noticed a dire elephant
 13843 | Gauntlet | Found a transporter.
 13897 | Gauntlet | Found a transporter.
 14010 | Gauntlet | Found a transporter.
 14011 | Gauntlet | Found a transporter.
 14022 | Gauntlet | Noticed a dire elephant
 14027 | Gauntlet | Killed a dire elephant
 14046 | Gauntlet | Identified the ring "Mokloed" {Fly rF+ Str+5 Int-5 Stlth+}
 14057 | Gauntlet | Identified the +1 pair of gloves of Miexte {Rampage Fly rF+
                  | Stlth+}
 14083 | Gauntlet | Noticed a minotaur
 14095 | Gauntlet | Killed a minotaur
 14134 | Gauntlet | Got Sif Muna's Volume of the Displaced Band
 14139 | Gauntlet | Identified the +7 executioner's axe "Suho" {flame, rF+
                  | Str+2 Dex+3 Stlth-}
 14274 | Lair:5   | Reached skill level 1 in Ranged Weapons
 14343 | Lair:5   | Reached XP level 14. HP: 112/125 MP: 11/14
 14417 | Lair:5   | Reached skill level 5 in Ranged Weapons
 14789 | Lair:5   | Found a staircase to the Slime Pits.
 14797 | Slime:1  | Entered Level 1 of the Pits of Slime
 14858 | Slime:1  | Noticed a rockslime
 15022 | Slime:2  | Noticed an azure jelly
 15023 | Slime:2  | Noticed an acid blob
 15033 | Slime:3  | Noticed an acid blob
 15038 | Slime:4  | Noticed a formless jellyfish
 15038 | Slime:4  | Noticed an acid blob
 15042 | Slime:5  | Entered Level 5 of the Pits of Slime
 15096 | Slime:5  | Noticed a rockslime
 15097 | Slime:5  | Noticed an acid blob
 15143 | Slime:5  | Noticed an acid blob
 15151 | Slime:5  | Identified the staff "Qiri" {rC++ Conj}
 15153 | Slime:5  | Got a slimy rune of Zot
 15154 | Slime:5  | Noticed an acid blob
 15155 | Slime:5  | Got a starry gem with 244 turns to spare
 15160 | Slime:5  | Got Sytoqol's Handbook of Dislocation and Bad Luck
 15162 | Slime:5  | Identified the +7 rapier "Ywni" {elec, ^Fragile rCorr Dex+3
                  | SInv}
 15163 | Slime:5  | Identified the +11 falchion of the Big Bang {vamp, rF+ rC-
                  | Int+3 Dex+3}
 15163 | Slime:5  | Noticed an acid blob
 15167 | Slime:5  | Found a viscous altar of Jiyva.
 15168 | Slime:5  | Noticed an acid blob
 15170 | Slime:5  | Noticed an azure jelly
 15172 | Slime:5  | Noticed an acid blob
 15174 | Slime:5  | Noticed an acid blob
 15175 | Slime:5  | Noticed a formless jellyfish
 15182 | Slime:5  | Got the Tome of the Exothermic Tundra
 15184 | Slime:5  | Got Qotet's Omnibus of Albedo and Orogeny
 15185 | Slime:5  | Identified the amulet "Ucliacs" {Spirit Dex+8 Stlth-}
 15195 | Slime:5  | Noticed the Royal Jelly
 15197 | Slime:5  | Identified the +7 orcbow "Umux" {heavy, rPois}
 15199 | Slime:5  | Identified the +6 scimitar of the Howling Hero {vamp,
                  | Int+4}
 15201 | Slime:5  | Identified the ring of Satisfaction {*Corrode rElec rF+
                  | EV+5}
 15249 | Slime:5  | Noticed an acid blob
 15257 | Slime:5  | Noticed a quicksilver ooze
 15269 | Slime:5  | Noticed an acid blob
 15269 | Slime:5  | Noticed an acid blob
 15276 | Slime:4  | Noticed a rockslime
 15278 | Slime:4  | Noticed an acid blob
 15460 | Slime:4  | Noticed a formless jellyfish
 15460 | Slime:4  | Noticed a formless jellyfish
 15468 | Slime:3  | Noticed a quicksilver ooze
 15630 | Shoals:1 | Entered Level 1 of the Shoals
 15665 | Shoals:1 | Gained mutation: Your large and strong wings let you fly.
                  | [hidden potential]
 15665 | Shoals:1 | Lost mutation: You have hidden genetic potential. [hidden
                  | potential expressed]
 15762 | Shoals:1 | Identified the amulet of the Equinox {Spirit rPois rCorr}
 16030 | Shoals:1 | Lost mutation: You have very sharp fingernails. [Jiyva's
                  | grace]
 16030 | Shoals:1 | Lost mutation: Your system is resistant to poisons. (rPois)
                  | [Jiyva's grace]
 16030 | Shoals:1 | Lost mutation: Your muscles are very strong. (Str +8,
                  | Int/Dex -2) [Jiyva's grace]
 16030 | Shoals:1 | Lost mutation: Your spells are harder to cast, but more
                  | powerful. [Jiyva's grace]
 16030 | Shoals:1 | Gained mutation: You have acidic saliva. [Jiyva's grace]
 16030 | Shoals:1 | Gained mutation: Your flesh is cold resistant. (rC+)
                  | [Jiyva's grace]
 16030 | Shoals:1 | Gained mutation: Your flesh is very cold resistant. (rC++)
                  | [Jiyva's grace]
 16030 | Shoals:1 | Gained mutation: Your flesh is almost immune to the effects
                  | of cold. (rC+++) [Jiyva's grace]
 16123 | Shoals:1 | Found Vonlai's Antique Weapon Shoppe.
 16496 | Shoals:2 | Found Asoir's Merfolk Magic.
 16496 | Shoals:2 | Found Asoir's Merfolk Armours.
 16496 | Shoals:2 | Found Asoir's Merfolk Weapons.
 16509 | Shoals:2 | Bought a +0 hat for 72 gold pieces
 16514 | Shoals:2 | Bought a +0 cloak for 81 gold pieces
 16610 | Shoals:2 | Reached skill level 10 in Ranged Weapons
 16629 | Shoals:2 | Noticed Ilsuiw
 16722 | Shoals:1 | Killed Ilsuiw
 16794 | Shoals:2 | Found Pogh's Jewellery Shop.
 17294 | Shoals:3 | Reached XP level 15. HP: 117/132 MP: 15/15
 17699 | Shoals:3 | Identified the serpent talisman "Ceffia" {Int+4}
 17699 | Shoals:3 | Noticed Aizul
 17714 | Shoals:3 | Killed Aizul
 17788 | Shoals:3 | Lost mutation: Your large and strong wings let you fly.
                  | [Jiyva's grace]
 17788 | Shoals:3 | Lost mutation: You have razor-sharp toenails. [Jiyva's
                  | grace]
 17788 | Shoals:3 | Gained mutation: You are somewhat resistant to further
                  | mutation. [Jiyva's grace]
 17788 | Shoals:3 | Gained mutation: You are somewhat resistant to both further
                  | mutation and mutation removal. [Jiyva's grace]
 17788 | Shoals:3 | Gained mutation: You are almost entirely resistant to
                  | further mutation and mutation removal. [Jiyva's grace]
 17788 | Shoals:3 | Gained mutation: You have a small jelly attached to you
                  | that senses nearby items. [Jiyva's grace]
 18067 | Shoals:4 | Entered Level 4 of the Shoals
 18542 | Shoals:4 | Got a barnacled rune of Zot
 18712 | Shoals:4 | Reached skill level 15 in Ranged Weapons
 18864 | Shoals:4 | Reached XP level 16. HP: 131/139 MP: 14/16
 19400 | Lair:3   | Killed Jemiumer's ghost
 19406 | Lair:3   | Identified the +2 cloak "Uxzoij" {rF+ Str+2}
 19718 | D:11     | Killed Lodul
 19826 | D:11     | Noticed Gastronok
 19831 | D:11     | Killed Gastronok
 19832 | D:11     | Reached skill level 1 in Evocations
 19859 | D:11     | Lost mutation: You possess an exceptional clarity of mind.
                  | [Jiyva's grace]
 19859 | D:11     | Lost mutation: Your flesh is almost immune to the effects
                  | of cold. (rC+++) [Jiyva's grace]
 19859 | D:11     | Lost mutation: Your flesh is very cold resistant. (rC++)
                  | [Jiyva's grace]
 19859 | D:11     | Lost mutation: You are almost entirely resistant to further
                  | mutation and mutation removal. [Jiyva's grace]
 19859 | D:11     | Lost mutation: You are covered in fur. (AC +1) [Jiyva's
                  | grace]
 19859 | D:11     | Lost mutation: You are covered in slimy tendrils that may
                  | disarm your opponents. [Jiyva's grace]
 19859 | D:11     | Lost mutation: You have a small jelly attached to you that
                  | may absorb projectiles. [Jiyva's grace]
 19859 | D:11     | Gained mutation: Your melee attacks may engulf your foes in
                  | ooze. [Jiyva's grace]
 19859 | D:11     | Gained mutation: Your muscles are very strong. (Str +8,
                  | Int/Dex -2) [Jiyva's grace]
 19859 | D:11     | Gained mutation: You have a pair of small antennae on your
                  | head. [Jiyva's grace]
 19859 | D:11     | Gained mutation: You have a pair of antennae on your head.
                  | [Jiyva's grace]
 20170 | D:12     | Found a staircase to the Orcish Mines.
 20586 | D:12     | Noticed a storm dragon
 20592 | D:12     | Killed a storm dragon
 20596 | D:12     | Noticed Jorgrun
 20602 | D:12     | Killed Jorgrun
 20840 | Orc:1    | Entered Level 1 of the Orcish Mines
 20846 | Orc:1    | Noticed Harold
 20851 | Orc:1    | Killed Harold
 20914 | Orc:1    | Noticed Josephine
 20918 | Orc:1    | Killed Josephine
 21364 | Orc:2    | Entered Level 2 of the Orcish Mines
 21623 | Orc:2    | Found a roughly hewn altar of Beogh.
 21747 | Orc:2    | Found Oblezoc's Distillery.
 21757 | Orc:2    | Found Zidas's General Store.
 21900 | Orc:2    | Reached skill level 17 in Unarmed Combat
 21992 | Orc:2    | Reached XP level 17. HP: 148/148 MP: 17/17
 21998 | Orc:2    | Lost mutation: You have a pair of antennae on your head.
                  | [Jiyva's grace]
 21998 | Orc:2    | Lost mutation: You have sharp fingernails. [Jiyva's grace]
 21998 | Orc:2    | Lost mutation: You have sharp toenails. [Jiyva's grace]
 21998 | Orc:2    | Lost mutation: Your muscles are very strong. (Str +8,
                  | Int/Dex -2) [Jiyva's grace]
 21998 | Orc:2    | Gained mutation: Your flesh is heat resistant. (rF+)
                  | [Jiyva's grace]
 21998 | Orc:2    | Gained mutation: Your flesh is very heat resistant. (rF++)
                  | [Jiyva's grace]
 21998 | Orc:2    | Gained mutation: Your flesh is almost immune to the effects
                  | of heat. (rF+++) [Jiyva's grace]
 21998 | Orc:2    | Gained mutation: Armour fits poorly on your pseudopods.
                  | [Jiyva's grace]
 22265 | Orc:2    | Found a roughly hewn altar of Beogh.
 22282 | Orc:2    | Found Woexyffo's Assorted Antiques.
 22295 | Orc:2    | Bought a potion of heal wounds for 150 gold pieces
 22319 | Orc:2    | Reached skill level 5 in Evocations
 22379 | Orc:2    | Found Okunapt's Weapon Boutique.
 22640 | Orc:2    | Found a staircase to the Elven Halls.
 22845 | Spider:1 | Entered Level 1 of the Spider Nest
 22982 | Spider:1 | Reached skill level 10 in Dodging
 23287 | Spider:1 | Paralysed by a hornet for 2 turns
 23392 | Spider:1 | Noticed Donald
 23395 | Spider:1 | Killed Donald
 23586 | Spider:1 | Noticed Louise
 23599 | Spider:1 | Killed Louise
 24443 | Spider:2 | Reached XP level 18. HP: 159/159 MP: 13/18
 24684 | Spider:2 | HP: 6/159 [poisoned by an emperor scorpion]
 24685 | Spider:2 | HP: 1/159 [poisoned by an emperor scorpion]
 25133 | Spider:3 | Lost mutation: You are very agile. (Dex +8, Str/Int -2)
                  | [Jiyva's grace]
 25133 | Spider:3 | Gained mutation: Your system is resistant to poisons.
                  | (rPois) [Jiyva's grace]
 25133 | Spider:3 | Gained mutation: You have a somewhat thin skeletal
                  | structure. (Dex +2, Stealth+) [Jiyva's grace]
 25133 | Spider:3 | Gained mutation: You have a moderately thin skeletal
                  | structure. (Dex +4, Stealth++) [Jiyva's grace]
 25133 | Spider:3 | Gained mutation: You have an unnaturally thin skeletal
                  | structure. (Dex +6, Stealth+++) [Jiyva's grace]
 25479 | Spider:4 | Entered Level 4 of the Spider Nest
 25898 | Spider:4 | Reached skill level 18 in Unarmed Combat
 25981 | Spider:4 | Got a gossamer rune of Zot
 26574 | D:10     | Upgraded the game from 0.32-a0-938-g40ac7a0f4d to
                  | 0.32-a0-953-g508020473e
 26634 | D:13     | Found a gate to the Vaults.
 27096 | D:13     | Lost mutation: You have an unnaturally thin skeletal
                  | structure. (Dex +6, Stealth+++) [Jiyva's grace]
 27096 | D:13     | Lost mutation: Your flesh is almost immune to the effects
                  | of heat. (rF+++) [Jiyva's grace]
 27096 | D:13     | Lost mutation: You are somewhat resistant to both further
                  | mutation and mutation removal. [Jiyva's grace]
 27096 | D:13     | Lost mutation: Your system is resistant to poisons. (rPois)
                  | [Jiyva's grace]
 27096 | D:13     | Gained mutation: Your flesh is almost immune to the effects
                  | of heat. (rF+++) [Jiyva's grace]
 27096 | D:13     | Gained mutation: You have a small jelly attached to you
                  | that may absorb projectiles. [Jiyva's grace]
 27096 | D:13     | Gained mutation: You passively map a small area around you.
                  | [Jiyva's grace]
 27096 | D:13     | Gained mutation: You passively map the area around you.
                  | [Jiyva's grace]
 27372 | D:14     | Noticed Rupert
 27381 | D:14     | Killed Rupert
 27385 | D:14     | Found a sparkling altar of Nemelex Xobeh.
 28051 | D:14     | Found the +10 tower shield of Ignorance {rN+ Int-4}
 28262 | D:15     | Entered Level 15 of the Dungeon
 28274 | D:15     | Reached XP level 19. HP: 169/169 MP: 19/19
 28322 | D:15     | Found a bloodstained altar of Trog.
 28444 | D:15     | Noticed Azrael
 28449 | D:15     | Killed Azrael
 28452 | D:15     | Found a staircase to the Depths.
 28901 | Vaults:1 | Entered Level 1 of the Vaults
 28975 | Vaults:1 | Lost mutation: You have a moderately thin skeletal
                  | structure. (Dex +4, Stealth++) [Jiyva's grace]
 28975 | Vaults:1 | Lost mutation: Your muscles are strong. (Str +4, Int/Dex
                  | -1) [Jiyva's grace]
 28975 | Vaults:1 | Lost mutation: You have acidic saliva. [Jiyva's grace]
 28975 | Vaults:1 | Gained mutation: You are covered in slimy tendrils that may
                  | disarm your opponents. [Jiyva's grace]
 28975 | Vaults:1 | Gained mutation: You expend magic power (3 MP) to
                  | strengthen your wands. [Jiyva's grace]
 28975 | Vaults:1 | Gained mutation: Your translucent skin slightly reduces
                  | your foes' accuracy. (Stealth+) [Jiyva's grace]
 28975 | Vaults:1 | Gained mutation: Your translucent skin reduces your foes'
                  | accuracy. (Stealth+) [Jiyva's grace]
 28993 | Vaults:1 | Reached skill level 15 in Fighting
 29010 | Vaults:1 | Found a flickering gateway to a bazaar.
 29020 | Bazaar   | Entered a bazaar
 29037 | Bazaar   | Found Domikkeedu's Distillery.
 29043 | Bazaar   | Bought a potion of haste for 60 gold pieces
 29043 | Bazaar   | Bought a potion of curing for 18 gold pieces
 29043 | Bazaar   | Bought 2 potions of resistance for 120 gold pieces
 29043 | Bazaar   | Bought a potion of curing for 18 gold pieces
 29043 | Bazaar   | Bought a potion of might for 24 gold pieces
 29054 | Bazaar   | Found Vecel's Antique Armour Shoppe.
 29086 | Bazaar   | Found Alleer's Weapon Emporium.
 29086 | Bazaar   | Found Nublacuq's Weapon Shoppe.
 29145 | Vaults:1 | Found Odaon's Weapon Shoppe.
 29155 | Vaults:1 | Found Orameam's Assorted Antiques.
 29162 | Vaults:1 | Bought a scroll of blinking for 225 gold pieces
 29400 | Vaults:1 | Identified the ring of Xom's Malicious Joy {rPois Str+6}
 29551 | Vaults:1 | Got the Vellum of a Billion Things
 29652 | Vaults:1 | Found Duirph's Armour Shop.
 29751 | Vaults:1 | Found a transporter.
 29990 | Vaults:1 | Found a transporter.
 29990 | Vaults:1 | Found a runed translucent door.
 29990 | Vaults:1 | Found a bloodstained altar of Trog.
 29990 | Vaults:1 | Found the +8 Wrath of Trog {antimagic, *Rage Rampage}
 30036 | Vaults:1 | Reached skill level 10 in Evocations
 30050 | Vaults:1 | Identified the +8 plate armour of Submission {MP+9}
 30564 | Vaults:2 | Reached XP level 20. HP: 180/180 MP: 20/20
 30881 | Vaults:2 | Reached skill level 19 in Unarmed Combat
 31462 | Vaults:3 | Identified the amulet "Yddiyw" {Reflect rN+ Dex+4 SH+5}
 31728 | Vaults:3 | Lost mutation: Your flesh is almost immune to the effects
                  | of heat. (rF+++) [Jiyva's grace]
 31728 | Vaults:3 | Lost mutation: Your flesh is very heat resistant. (rF++)
                  | [Jiyva's grace]
 31728 | Vaults:3 | Lost mutation: You passively map the area around you.
                  | [Jiyva's grace]
 31728 | Vaults:3 | Lost mutation: Armour fits poorly on your pseudopods.
                  | [Jiyva's grace]
 31728 | Vaults:3 | Lost mutation: Your translucent skin reduces your foes'
                  | accuracy. (Stealth+) [Jiyva's grace]
 31728 | Vaults:3 | Lost mutation: You are covered in slimy tendrils that may
                  | disarm your opponents. [Jiyva's grace]
 31728 | Vaults:3 | Lost mutation: Your melee attacks may engulf your foes in
                  | ooze. [Jiyva's grace]
 31728 | Vaults:3 | Gained mutation: Your rubbery body absorbs attacks. (AC +1,
                  | EV +1) [Jiyva's grace]
 31728 | Vaults:3 | Gained mutation: Your pliable body absorbs attacks. (AC +2,
                  | EV +2) [Jiyva's grace]
 31728 | Vaults:3 | Gained mutation: Your gelatinous body deflects attacks. (AC
                  | +3, EV +3) [Jiyva's grace]
 31728 | Vaults:3 | Gained mutation: You have a moderately thin skeletal
                  | structure. (Dex +4, Stealth++) [Jiyva's grace]
 32354 | Vaults:3 | Found a staircase to the Crypt.
 32354 | Vaults:3 | Found an ancient bone altar of Kikubaaqudgha.
 32355 | Vaults:3 | Found a basalt altar of Yredelemnul.
 32865 | Vaults:4 | Reached skill level 15 in Shapeshifting
 32898 | Vaults:4 | Reached XP level 21. HP: 190/190 MP: 21/21
 33012 | Vaults:4 | Lost mutation: You have a moderately thin skeletal
                  | structure. (Dex +4, Stealth++) [Jiyva's grace]
 33012 | Vaults:4 | Lost mutation: You passively map a small area around you.
                  | [Jiyva's grace]
 33012 | Vaults:4 | Lost mutation: Your gelatinous body deflects attacks. (AC
                  | +3, EV +3) [Jiyva's grace]
 33012 | Vaults:4 | Lost mutation: Your pliable body absorbs attacks. (AC +2,
                  | EV +2) [Jiyva's grace]
 33012 | Vaults:4 | Gained mutation: Your tail ends in a venomous barb.
                  | [Jiyva's grace]
 33012 | Vaults:4 | Gained mutation: Your tail ends in a sharp venomous barb.
                  | [Jiyva's grace]
 33012 | Vaults:4 | Gained mutation: Your tail ends in a wickedly sharp and
                  | venomous barb. [Jiyva's grace]
 33012 | Vaults:4 | Gained mutation: Your natural rate of healing is unusually
                  | fast. [Jiyva's grace]
 33634 | Depths:1 | Entered Level 1 of the Depths
 33747 | Depths:1 | Found a gateway to Hell.
 33748 | Depths:1 | Found a one-way gate to the infinite horrors of the Abyss.
 33795 | Depths:1 | Found a one-way gateway to a ziggurat.
 34499 | Depths:2 | Reached skill level 20 in Unarmed Combat
 34649 | Depths:2 | Found a broken altar of Ashenzari.
 34728 | Depths:2 | Noticed a golden dragon
 34740 | Depths:2 | Killed a golden dragon
 34887 | Depths:2 | Lost mutation: Your tail ends in a wickedly sharp and
                  | venomous barb. [Jiyva's grace]
 34887 | Depths:2 | Lost mutation: Your tail ends in a sharp venomous barb.
                  | [Jiyva's grace]
 34887 | Depths:2 | Lost mutation: You have a somewhat thin skeletal structure.
                  | (Dex +2, Stealth+) [Jiyva's grace]
 34887 | Depths:2 | Gained mutation: You are partially covered in large bone
                  | plates. (SH +4) [Jiyva's grace]
 34887 | Depths:2 | Gained mutation: You are mostly covered in large bone
                  | plates. (SH +6) [Jiyva's grace]
 34887 | Depths:2 | Gained mutation: You are completely covered in large bone
                  | plates. (SH +8) [Jiyva's grace]
 34887 | Depths:2 | Gained mutation: Armour fits poorly on your pseudopods.
                  | [Jiyva's grace]
 34939 | Depths:2 | Reached XP level 22. HP: 200/201 MP: 22/22
 34973 | Depths:2 | Found a hazy altar of Hepliaklqana.
 34973 | Depths:2 | Found a one-way gate leading to the halls of Pandemonium.
 35149 | Depths:2 | Found a radiant altar of Vehumet.
 35252 | Depths:2 | Found a shimmering altar of Xom.
 35642 | Depths:3 | Reached skill level 15 in Dodging
 35789 | Depths:3 | Paralysed by a wendigo for 1 turns
 36082 | Depths:3 | Identified the +7 chain mail of True Grit {Int+3 Dex+2}
 36409 | Depths:4 | Entered Level 4 of the Depths
 36441 | Depths:4 | Noticed a juggernaut
 36448 | Depths:4 | Killed a juggernaut
 36686 | Depths:4 | Killed a caustic shrike
 36713 | Depths:4 | Lost mutation: Armour fits poorly on your pseudopods.
                  | [Jiyva's grace]
 36713 | Depths:4 | Lost mutation: Your translucent skin slightly reduces your
                  | foes' accuracy. (Stealth+) [Jiyva's grace]
 36713 | Depths:4 | Gained mutation: You are covered in fur. (AC +1) [Jiyva's
                  | grace]
 36713 | Depths:4 | Gained mutation: You are covered in thick fur. (AC +2)
                  | [Jiyva's grace]
 36713 | Depths:4 | Gained mutation: Your thick and shaggy fur keeps you warm.
                  | (AC +3, rC+) [Jiyva's grace]
 36713 | Depths:4 | Gained mutation: Your large and strong wings let you fly.
                  | [Jiyva's grace]
 36744 | Depths:4 | Noticed Grunn
 36762 | Depths:4 | Killed a caustic shrike
 36766 | Depths:4 | HP: 3/196 [doom hound[Grunn] (19)]
 36767 | Depths:4 | HP: 1/196 [poisoned by a putrid mouth (dark miasma)]
 36767 | Depths:4 | Killed a caustic shrike
 36782 | Depths:4 | Killed Grunn
 36869 | Depths:4 | Reached skill level 15 in Evocations
 36930 | Depths:4 | Reached skill level 21 in Unarmed Combat
 36988 | Depths:4 | Noticed a golden dragon
 36994 | Depths:4 | Killed a golden dragon
 37011 | Depths:4 | Found a gate to the Realm of Zot.
 37283 | Depths:4 | Reached XP level 23. HP: 211/211 MP: 23/23
 37818 | Elf:1    | Entered Level 1 of the Elven Halls
 37855 | Elf:1    | Found a crumbling gateway.
 37888 | Desolati | Entered the Desolation of Salt
 38213 | Desolati | Identified the +1 ring mail of Jayfyog {rPois rCorr Int+2}
 38215 | Desolati | Identified the ring "Nodeum" {rF+ SInv}
 38232 | Desolati | Identified the ring of Yputtepusche {Fly Will+ Dex+4}
 38310 | Desolati | Identified the +4 morningstar of Impermanence {elec, rElec
                  | rPois rF-}
 38311 | Desolati | Identified the ring "Viask" {rPois rF+ rCorr Str+4}
 38377 | Desolati | Found the +4 Cigotuvi's embrace {Corpsefed rMiasma ^Drain
                  | rN+}
 38384 | Desolati | Identified the ring of Grace {rF- rC++ AC+4 SInv Stlth+}
 38387 | Desolati | Identified the ring of the Median {Fly rPois rN+ MP+9}
 38388 | Desolati | Identified the +3 battleaxe "Kueshrenu" {holy, *Slow rElec
                  | rN+ Dex+3}
 38395 | Desolati | Identified the +6 glaive "Jyga" {venom, Int+3}
 38768 | Elf:1    | Lost mutation: Your tail ends in a venomous barb. [Jiyva's
                  | grace]
 38768 | Elf:1    | Lost mutation: You are completely covered in large bone
                  | plates. (SH +8) [Jiyva's grace]
 38768 | Elf:1    | Lost mutation: You are mostly covered in large bone plates.
                  | (SH +6) [Jiyva's grace]
 38768 | Elf:1    | Lost mutation: Your flesh is cold resistant. (rC+) [Jiyva's
                  | grace]
 38768 | Elf:1    | Lost mutation: You are somewhat resistant to further
                  | mutation. [Jiyva's grace]
 38768 | Elf:1    | Lost mutation: Your thick and shaggy fur keeps you warm.
                  | (AC +3, rC+) [Jiyva's grace]
 38768 | Elf:1    | Lost mutation: You are covered in thick fur. (AC +2)
                  | [Jiyva's grace]
 38768 | Elf:1    | Lost mutation: You expend magic power (3 MP) to strengthen
                  | your wands. [Jiyva's grace]
 38768 | Elf:1    | Gained mutation: Your pliable body absorbs attacks. (AC +2,
                  | EV +2) [Jiyva's grace]
 38768 | Elf:1    | Gained mutation: Your gelatinous body deflects attacks. (AC
                  | +3, EV +3) [Jiyva's grace]
 38768 | Elf:1    | Gained mutation: You have a pair of antennae on your head.
                  | [Jiyva's grace]
 38768 | Elf:1    | Gained mutation: You have a pair of large antennae on your
                  | head. (SInv) [Jiyva's grace]
 38837 | Elf:1    | Found Doih's Book Shoppe.
 39486 | Elf:2    | Found a runed translucent gate.
 39486 | Elf:2    | Found a runed translucent gate.
 39486 | Elf:2    | Found a runed translucent gate.
 39781 | Elf:2    | Noticed Norris
 39799 | Elf:2    | Killed Norris
 40313 | Crypt:1  | Entered Level 1 of the Crypt
 40642 | Crypt:1  | Identified the orb of Iphoupla {light, Stlth+ Necro}
 40642 | Crypt:1  | Noticed Frederick
 40649 | Crypt:1  | Killed Frederick
 40650 | Crypt:1  | Reached skill level 22 in Unarmed Combat
 40682 | Crypt:1  | Lost mutation: You have a pair of large antennae on your
                  | head. (SInv) [Jiyva's grace]
 40682 | Crypt:1  | Lost mutation: You have a pair of antennae on your head.
                  | [Jiyva's grace]
 40682 | Crypt:1  | Lost mutation: Your natural rate of healing is unusually
                  | fast. [Jiyva's grace]
 40682 | Crypt:1  | Gained mutation: You have acidic saliva. [Jiyva's grace]
 40682 | Crypt:1  | Gained mutation: You are strong-willed. (Will+) [Jiyva's
                  | grace]
 40682 | Crypt:1  | Gained mutation: You are highly strong-willed. (Will++)
                  | [Jiyva's grace]
 40682 | Crypt:1  | Gained mutation: You are extremely strong-willed. (Will+++)
                  | [Jiyva's grace]
 41174 | Crypt:2  | Noticed Xtahua
 41184 | Crypt:2  | Killed Xtahua
 41185 | Crypt:2  | Reached XP level 24. HP: 194/222 MP: 23/23
 41242 | Crypt:2  | HP: 4/225 [ancient champion/+2 great mace of flaming (23)]
 41623 | Crypt:2  | Noticed Mennas
 41646 | Crypt:2  | Killed Mennas
 42073 | Crypt:3  | Entered Level 3 of the Crypt
 42073 | Crypt:3  | Found a staircase to the Tomb.
 42302 | Crypt:3  | Found a basalt altar of Yredelemnul.
 42380 | Crypt:3  | Found an ancient bone altar of Kikubaaqudgha.
 42392 | Crypt:3  | Identified the ring of the Jackalope {rN++ MP+9 Str+4}
 42392 | Crypt:3  | Identified the amulet "Wonalusk" {Faith Regen+}
 42392 | Crypt:3  | Identified the ring of Ymuegax {Fire rN++ rCorr}
 42442 | Crypt:3  | Identified the +2 chain mail "Qunluos" {rC++}
 42446 | Crypt:3  | Identified the staff of Rohuw {rN+ Str+5 Necro}
 42552 | Crypt:3  | Identified the +7 battleaxe "Saalej" {venom, *Corrode rN++
                  | Will+++ Stlth-}
 42646 | Crypt:3  | Lost mutation: Your spells are a little harder to cast, but
                  | a little more powerful. [Jiyva's grace]
 42646 | Crypt:3  | Lost mutation: You have acidic saliva. [Jiyva's grace]
 42646 | Crypt:3  | Lost mutation: Your gelatinous body deflects attacks. (AC
                  | +3, EV +3) [Jiyva's grace]
 42646 | Crypt:3  | Lost mutation: Your pliable body absorbs attacks. (AC +2,
                  | EV +2) [Jiyva's grace]
 42646 | Crypt:3  | Gained mutation: Your pliable body absorbs attacks. (AC +2,
                  | EV +2) [Jiyva's grace]
 42646 | Crypt:3  | Gained mutation: Your gelatinous body deflects attacks. (AC
                  | +3, EV +3) [Jiyva's grace]
 42646 | Crypt:3  | Gained mutation: You are robust. (+10% HP) [Jiyva's grace]
 42646 | Crypt:3  | Gained mutation: You are very robust. (+20% HP) [Jiyva's
                  | grace]
 42898 | Crypt:3  | Identified the +9 dagger "Jaumauxtae" {drain, rPois rN+
                  | Str+2}
 43022 | Crypt:3  | Noticed Bai Suzhen
 43028 | Crypt:3  | Killed Bai Suzhen
 43434 | Zot:1    | Entered Level 1 of the Realm of Zot
 43549 | Zot:1    | Found a transporter.
 43550 | Zot:1    | Noticed Duygiuh's ghost (legendary CoWr)
 43555 | Zot:1    | Noticed a shard shrike
 43628 | Zot:1    | Noticed Parghit
 43644 | Zot:1    | Noticed a shard shrike
 43649 | Zot:1    | Noticed a shard shrike
 43653 | Zot:1    | Killed Parghit
 43672 | Zot:1    | Noticed a shard shrike
 43832 | Zot:1    | Noticed an orb of fire
 43838 | Zot:1    | Lost mutation: Your large and strong wings let you fly. [an
                  | orb of fire]
 43839 | Zot:1    | Killed an orb of fire
 44113 | Zot:1    | Found a transporter.
 44330 | Zot:2    | Noticed an orb of fire
 44350 | Zot:1    | Killed an orb of fire
 44712 | Elf:3    | Entered Level 3 of the Elven Halls
 44767 | Elf:3    | Identified the +1 hand axe of Jopad {flame, rElec rPois
                  | Dex+4}
 44896 | Elf:3    | Reached XP level 25. HP: 270/282 MP: 23/23
 45078 | Elf:3    | Found the ring of the Octopus King {rF+ HP+2 AC+2 EV+2
                  | SH+2}
 45083 | Elf:3    | Identified the +1 robe "Raanuc" {Rampage rElec rF+ Slay+5}
 45179 | Elf:3    | Lost mutation: You are extremely strong-willed. (Will+++)
                  | [Jiyva's grace]
 45179 | Elf:3    | Lost mutation: You are covered in fur. (AC +1) [Jiyva's
                  | grace]
 45179 | Elf:3    | Lost mutation: You have a small jelly attached to you that
                  | senses nearby items. [Jiyva's grace]
 45179 | Elf:3    | Gained mutation: You have sharp toenails. [Jiyva's grace]
 45179 | Elf:3    | Gained mutation: You have razor-sharp toenails. [Jiyva's
                  | grace]
 45179 | Elf:3    | Gained mutation: You have claws for feet. [Jiyva's grace]
 45179 | Elf:3    | Gained mutation: Your tail ends in a venomous barb.
                  | [Jiyva's grace]
 45577 | Elf:3    | Found Ohar Lem's Magic Scroll Emporium.
 45583 | Elf:3    | Bought a scroll of fog for 72 gold pieces
 45583 | Elf:3    | Bought a scroll of brand weapon for 171 gold pieces
 45583 | Elf:3    | Bought a scroll of fog for 72 gold pieces
 45583 | Elf:3    | Bought a scroll of blinking for 135 gold pieces
 45583 | Elf:3    | Bought a scroll of teleportation for 54 gold pieces
 45881 | Elf:3    | Identified the ring of Qietieg {rElec MP+9 Str+4}
 46295 | Depths:1 | Voluntarily entered the Abyss.
 46308 | Abyss:1  | Found a corrupted altar of Lugonu.
 46428 | Abyss:3  | Found a corrupted altar of Lugonu.
 46520 | Abyss:4  | Noticed an ancient lich
 46544 | Abyss:4  | Killed an ancient lich
 46635 | Abyss:4  | Found a corrupted altar of Lugonu.
 46669 | Abyss:4  | Got an abyssal rune of Zot
 46679 | Depths:1 | Escaped the Abyss
 46700 | Hell     | Entered the Vestibule of Hell
 46713 | Hell     | Noticed Geryon
 46727 | Hell     | Found a gateway to the freezing wastes of Cocytus.
 47123 | Zot:2    | You are sucked into a shaft and drop 2 floors!
 47123 | Zot:4    | Lost mutation: You have claws for feet. [Jiyva's grace]
 47123 | Zot:4    | Lost mutation: You are partially covered in large bone
                  | plates. (SH +4) [Jiyva's grace]
 47123 | Zot:4    | Lost mutation: You are highly strong-willed. (Will++)
                  | [Jiyva's grace]
 47123 | Zot:4    | Lost mutation: You are strong-willed. (Will+) [Jiyva's
                  | grace]
 47123 | Zot:4    | Lost mutation: You are very robust. (+20% HP) [Jiyva's
                  | grace]
 47123 | Zot:4    | Gained mutation: You are somewhat resistant to further
                  | mutation. [Jiyva's grace]
 47123 | Zot:4    | Gained mutation: You are somewhat resistant to both further
                  | mutation and mutation removal. [Jiyva's grace]
 47123 | Zot:4    | Gained mutation: You are almost entirely resistant to
                  | further mutation and mutation removal. [Jiyva's grace]
 47123 | Zot:4    | Gained mutation: You have claws for feet. [Jiyva's grace]
 48309 | Zot:2    | Noticed an orb of fire
 48317 | Zot:2    | Killed an orb of fire
 48649 | Zot:2    | Upgraded the game from 0.32-a0-953-g508020473e to
                  | 0.32-a0-960-g3814254bd7
 49045 | Zot:4    | Reached XP level 26. HP: 238/268 MP: 23/23
 50323 | Zot:4    | Identified a scroll of acquirement
 50329 | Zot:4    | Acquired a manual of Evocations
 50454 | Zot:4    | Identified the +3 chain mail "Nunoa" {^Drain Str+3 Int+2
                  | Slay+2}
 50959 | Hell     | Reached skill level 23 in Unarmed Combat
 51115 | Hell     | Killed Geryon
 51312 | Hell     | Found a gateway to the Iron City of Dis.
 51492 | Hell     | Found a gateway to the decaying netherworld of Tartarus.
 51558 | Hell     | Found a gateway to the ashen valley of Gehenna.
 51700 | Pan      | Entered Pandemonium
 51880 | Pan      | Noticed Doda the pandemonium lord
 51939 | Pan      | Killed Doda the pandemonium lord
 52128 | Pan      | Got a demonic rune of Zot
 52387 | Pan      | Found an exit through the horrors of the Abyss.
 52848 | Pan      | Reached skill level 24 in Unarmed Combat
 52887 | Pan      | Identified the ring of Cuegh {Fly rPois rN+ AC+4 Dex-5}
 52892 | Pan      | Found a transporter.
 52910 | Pan      | Found a transporter.
 53527 | Pan      | Reached XP level 27. HP: 168/281 MP: 23/23
 53578 | Pan      | Identified the +2 pair of gloves of Intuition {+Inv rN+
                  | Int+3}
 53740 | Pan      | Identified the +10 dagger of Gravity {venom, rF+ Str+5
                  | Int+3}
 53935 | Pan      | Identified the +8 scimitar "Ythric Vuarr" {drain, rPois
                  | Int+4 Dex+4}
 54064 | Pan      | Noticed Ruutil the pandemonium lord
 54072 | Pan      | Killed Ruutil the pandemonium lord
 54645 | Pan      | Entered the realm of Mnoleg.
 54889 | Pan      | Noticed Mnoleg
 55202 | Pan      | Killed Mnoleg
 55203 | Pan      | Reached skill level 25 in Unarmed Combat
 55238 | Pan      | Got a glowing rune of Zot
 55760 | Pan      | Noticed Etymut the pandemonium lord
 55802 | Pan      | Killed Etymut the pandemonium lord
 55999 | Pan      | Entered the realm of Lom Lobon.
 56004 | Pan      | Found an exit through the horrors of the Abyss.
 56278 | Pan      | Noticed Lom Lobon
 56303 | Pan      | Killed Lom Lobon
 56398 | Pan      | Got a magical rune of Zot
 56730 | Pan      | Found a runed translucent door.
 56733 | Pan      | Found a runed translucent door.
 56738 | Pan      | Found a runed translucent door.
 56746 | Pan      | Noticed Fituro the pandemonium lord
 56751 | Pan      | Killed Fituro the pandemonium lord
 56765 | Pan      | Found a runed translucent door.
 56868 | Pan      | Entered the realm of Cerebov.
 56894 | Pan      | Found the +6 sword of Cerebov {flame}
 56894 | Pan      | Noticed Cerebov
 57406 | Pan      | Killed Cerebov
 57433 | Pan      | HP: 4/286 [Brimstone Fiend/damnation (33)]
 57641 | Pan      | Identified the +3 dagger of the Hurting Hero {speed, rC+
                  | Int+3}
 57677 | Pan      | Got a fiery rune of Zot
 57737 | Pan      | Identified the +1 battleaxe "Dohep" {heavy, Str+3 Int+4
                  | Dex-5}
 57744 | Pan      | Identified the +8 rapier of Gehenna {freeze, Dex+4}
 57969 | Pan      | Reached skill level 26 in Unarmed Combat
 58195 | Pan      | Found an exit through the horrors of the Abyss.
 58266 | Pan      | Identified the +6 spear "Worm" {protect, +Blink rC+ Int+3}
 58364 | Pan      | Identified the ring "Taehaer" {rCorr Int+5 Slay+3}
 58416 | Pan      | Identified the +0 war axe of Outrage {flame, rCorr Int+8
                  | Dex-3}
 58443 | Pan      | Identified the staff of Fotezaur {rPois Str+4 Conj Alchemy}
 58449 | Pan      | Identified the +9 scimitar of Kozuot {freeze, rF+ rC- rN+
                  | Stlth+}
 58452 | Pan      | Got the Octavo of the Cunning Prime Material
 58562 | Pan      | Entered the realm of Gloorx Vloq.
 59459 | Pan      | Noticed Gloorx Vloq
 59703 | Pan      | Killed Gloorx Vloq
 59716 | Pan      | Got a dark rune of Zot
 59970 | Pan      | Noticed Ocamegh the pandemonium lord
 59984 | Pan      | Killed Ocamegh the pandemonium lord
 60065 | Depths:4 | Escaped Pandemonium
 60134 | Dis:1    | Entered Level 1 of the Iron City of Dis
 60312 | Coc:1    | Entered Level 1 of Cocytus
 60317 | Coc:1    | Paralysed by a wendigo for 1 turns
 60409 | Coc:2    | Noticed a dread lich
 60409 | Coc:2    | Noticed a dread lich
 60409 | Coc:2    | Noticed a dread lich
 60409 | Coc:2    | Noticed a dread lich
 60626 | Zot:5    | Entered Level 5 of the Realm of Zot
 61065 | Zot:5    | Noticed an orb of fire
 61068 | Zot:5    | Noticed an orb of fire
 61080 | Zot:5    | Noticed a dread lich
 61087 | Zot:5    | Noticed an orb of fire
 61090 | Zot:5    | Killed an orb of fire
 61107 | Zot:5    | Noticed a dread lich
 61133 | Zot:5    | Killed an orb of fire
 61138 | Zot:5    | Paralysed by a dread lich for 4 turns
 61145 | Zot:5    | Killed a dread lich
 61175 | Zot:5    | Paralysed by something for 2 turns
 61179 | Zot:5    | Reached skill level 27 in Unarmed Combat
 61182 | Zot:5    | Killed a dread lich
 61343 | Zot:5    | Noticed an ancient lich
 61356 | Zot:5    | Killed an orb of fire
 61361 | Zot:5    | Killed an ancient lich
 61405 | Zot:5    | Noticed a dread lich
 61409 | Zot:5    | Killed a dread lich
 61425 | Zot:5    | Noticed a dread lich
 61434 | Zot:5    | Killed a dread lich
 61670 | Zot:5    | Got the Orb of Zot
 62087 | D:12     | Noticed Umaess the pandemonium lord
 62384 | D:4      | Noticed Lypis the pandemonium lord
 62394 | D:4      | Killed Lypis the pandemonium lord
 62402 | D:4      | Noticed a seraph
 62489 | D:$      | Escaped with the Orb!

Illustrated notes

Levels and vault maps discovered:
D:1:      ebering_trefoil_3fold, layout_basic
D:2:      layout_basic, hellmonk_ecumenical_altar_arch_garden
D:3:      layout_loops_ring, vehumet_altar_wand_db, hex_medium
D:4:      layout_loops_corners, grunt_temple_overflow_diamond,
          cheibrodos_sewer_entry_bend, st_stairs_4, minmay_checkerbox,
          uniq_grinder
D:5:      layout_loops_corners, nicolae_gozag_seed_capital, serial_shops,
          nicolae_shop_window_shopping, nicolae_shop_hallway_stairs,
          nicolae_stop_n_shop_1, shop, grunt_decor_arrowhead,
          minmay_misc_feat_alley
D:6:      layout_gridville, slow_altar_1, minmay_temple_entry_glassed_door,
          uniq_eustachio, uniq_menkaure
D:7:      layout_basic, nicolae_elyvilon_temple_path, nrook_loot_triangle
D:8:      layout_basic, nzn_hepliaklqana_mist_gate, nicolae_uskayaw_suspiria,
          hellmonk_guarded_unrand_gyre_and_gimble, uniq_joseph
D:9:      layout_roguey, lemuel_doored_altar, serial_bayou_lake_a
D:10:     gammafunk_cloud_chamber, layout_basic, lair_entry_dummy
D:11:     layout_loops_cross, kennysheep_cross_room, minivault_28,
          uniq_gastronok, uniq_lodul
D:12:     minmay_octo_star, layout_basic, hiddenorc2_lemuel,
          hangedman_decor_clover_reticule, uniq_jorgrun
D:13:     hellmonk_destroyed_diamonds, layout_basic
D:14:     minmay_the_grid_octo_tiled_octocenter [minmay_the_grid_octo_toaster,
          minmay_the_grid_octo_thin_diamonds,
          minmay_the_grid_octo_tetromino_candy,
          minmay_the_grid_octo_vomiting_pacman,
          minmay_the_grid_octo_prize_single_spiral,
          minmay_the_grid_square_5x5_inner_z,
          minmay_the_grid_square_5x5_gyroscope, minmay_the_grid_square_5x5_mess,
          minmay_the_grid_square_5x5_two], layout_basic, lemuel_round_altar,
          uniq_rupert
D:15:     grunt_enter_depths_snipers, layout_rooms, bloody_trog,
          serial_library_hellmonk_h_bend, uniq_azrael
Lair:1:   cheibrodos_lair_river_kwai, layout_chaotic_city, serial_bayou_shore_a,
          uniq_fannar
Lair:2:   layout_cave_pods, serial_bayou_shore_b, uniq_maggie
Lair:3:   layout_cave_pods, minmay_shoals_entry_beasts,
          hellmonk_spider_entry_not_the_bees, gammafunk_ghost_hive,
          beast_lair_carwin_11, lemuel_fruit_tree, infiniplex_staircase_pool
Lair:4:   cheibrodos_magma_flow, layout_gridlike, dreamdust_gnoll_shepherd
Lair:5:   wormcave, layout_gridlike, hangedman_lair_in_review, slime_entry_2,
          gauntlet_entry_generic, serial_bayou_ford_a
Shoals:1: layout_shoals, serial_shops, nicolae_shop_just_a_little_nook
Shoals:2: nicolae_shoals_mermall, layout_shoals, serial_shops,
          nicolae_shop_hallway_plus, uniq_ilsuiw
Shoals:3: layout_shoals, nicolae_shoals_elemental_ambush, uniq_aizul
Shoals:4: shoals_end_hangedman, layout_shoals, shoals_ilsuiw_alternative,
          nicolae_shoals_bring_sunscreen
Spider:1: nicolae_spider_corner, uniq_louise, uniq_donald
Spider:2: layout_spider_delve, nicolae_spider_some_kinda_spiderbox
Spider:3: layout_spider_delve, nicolae_spider_circle_web, lemuel_hornet_nest
Spider:4: grunt_spider_rune_circles, nicolae_spider_wall_of_niches
Slime:1:  layout_caves, cheibrodos_slime_lost_civilization_6
Slime:2:  layout_caves
Slime:3:  layout_caves
Slime:4:  layout_caves
Slime:5:  slime_pit_nicolae_trefoil
Orc:1:    hellmonk_paralyzer, layout_caves, uniq_josephine, uniq_harold
Orc:2:    pubby_orc_utopia
Elf:1:    layout_geoelf_octagon, serial_shops, shop,
          portal_desolation_entry_ruin, nicolae_elf_blasts_and_bolts
Elf:2:    nicolae_elf_blades_splatter_lattice
          [nicolae_blade_entry_floor_patterns], layout_geoelf_diagonals,
          uniq_norris
Elf:3:    minmay_elf_hall_not_hex, layout_loops_corners, serial_shops, shop
Vaults:1: nicolae_vaults_storage_closets_1, emtedronai_trogs_sanctum,
          vaults_standard_mumra_lines, v_misc_26, vaults_dpeg_cross,
          grunt_vaults_twisty, hangedman_vaults_river_flow,
          nicolae_vaults_trapezoid_2, nicolae_vaults_sesquioval_fish,
          nicolae_vaults_little_ls, nicolae_vaults_tetromino_L_2, v_misc_8,
          v_misc_17, layout_vaults_maze, serial_shops, bzr_entry_water, shop,
          nicolae_shop_behind_doors, shop
Vaults:2: nicolae_vaults_tetromino_L_1, nicolae_vaults_door_testing_chamber,
          nicolae_vaults_c_with_doors, vaults_mumra_minichess, minmay_orc_keep,
          v_rooms_2, nicolae_vaults_weapon_check, vaults_mumra_hex,
          nicolae_vaults_storage_room_glass, vaults_room_octagon,
          layout_vaults_omnicross
Vaults:3: nicolae_vaults_corpse_flower, minmay_crypt_entry_necro_gods,
          nicolae_vaults_specimen_jars, nicolae_vaults_what_the_h,
          nicolae_vaults_house_2, hangedman_vaults_snaps,
          nicolae_vaults_three_branches, ontoclasm_vaults_chip,
          layout_vaults_omnigrid
Vaults:4: nicolae_vaults_shrinking_rooms_2,
          vaults_room_grunt_arrival_checkpoint, hangedman_vaults_restitches,
          nicolae_vaults_apartment_1, nicolae_vaults_network_s,
          nicolae_vaults_alarming, nicolae_vaults_cochlea,
          nicolae_vaults_ellipses_ellipsis, v_misc_8,
          nicolae_vaults_tetromino_Z_1, layout_vaults_ring
Crypt:1:  layout_rooms, serial_sigils, serial_sigils_hangedman_snap,
          serial_sigils_hangedman_quiver, serial_sigils_hangedman_snap,
          serial_sigils_hangedman_snap, serial_sigils_hangedman_quiver,
          serial_sigils_hangedman_scar, minivault_24, uniq_frederick
Crypt:2:  layout_regular_city, serial_sigils_hangedman_leer, uniq_mennas,
          uniq_xtahua
Crypt:3:  lightli_unholy_cathedral, layout_chaotic_city,
          serial_sigils_hangedman_gut, uniq_bai_suzhen
Depths:1: layout_gridlike, enter_ziggurat_b, hell_entry,
          hangedman_abyss_entry_splay, hangedman_decor_lopped, ice2_lemuel,
          kennysheep_random_hallway
Depths:2: grunt_profane_halls [grunt_profane_loot, grunt_profane_temple_geh,
          grunt_profane_temple_dis, grunt_profane_temple_coc,
          grunt_profane_temple_tar], hell_entry, pan_entry, abyss_entry
Depths:3: dreamdust_isle_of_ice, layout_cave_pools,
          nicolae_abyss_entry_one_way_or_another, lightli_too_deep,
          grunt_decor_fettered, infiniplex_staircase_star
Depths:4: grunt_zot_entry_gee_three, layout_basic, pan_entry, hellmouth_1,
          special_room [special_room_jelly], uniq_grunn
Hell
Dis:1:    layout_subdivisions, nicolae_dis_spooky_hallway
Coc:1:    layout_cocytus_delve
Coc:2:    layout_ice_bergs, nicolae_coc_liches_on_tour
Zot:1:    layout_onion, regret_index_zotdec_wing_it,
          gammafunk_ghost_berserking_beasts, uniq_parghit
Zot:2:    layout_basic, hellmonk_greenhouse_of_terror
Zot:3:    layout_basic
Zot:4:    layout_concentric_octagons, grunt_megastairs_2
Zot:5:    layout_gridlike

Skill      XL: |  1  2  3  4  5  6  7  8  9 10 11 12 13 14 15 16 17 18 19 20 21 22 23 24 25 26 27 |
---------------+----------------------------------------------------------------------------------+-----
Unarmed Combat | 4 5 6 8 9 11 12 13 15 16 17 18 19 20 21 22 24 27 | 27.0
Shapeshifting  | 4 5 6 7 8 9 10 11 12 13 14 15 16 17 19 23 24 | 24.5
Fighting       | 2 4 6 8 9 10 11 12 13 14 15 16 17 18 20 21 22 24 | 24.9
Dodging        | 2 4 6 7 8 9 10 11 12 13 14 15 16 17 18 20 | 20.7
Ranged Weapons | 3 11 15 16 17 18 | 18.3
Evocations     | 4 7 9 10 12 13 15 17 21 | 21.9
Stealth        | |  0.3

Action                     |  1- 3 |  4- 6 |  7- 9 | 10-12 | 13-15 | 16-18 | 19-21 | 22-24 | 25-27 || total
---------------------------+-------+-------+-------+-------+-------+-------+-------+-------+-------++-------
  Melee: Unarmed           |    91 |   149 |   342 |   597 |   542 |   466 |   338 |   614 |  1634 ||  4773
         Punch             |     3 |     4 |       |       |    31 |    73 |    79 |   135 |   378 ||   703
         Tailslap          |     5 |    15 |    63 |   117 |   115 |    97 |    91 |   170 |   417 ||  1090
         Kick              |       |       |    43 |   179 |     1 |       |       |       |   850 ||  1073
         Headbutt          |       |       |       |    51 |       |       |       |       |       ||    51
         Maw               |       |       |       |       |    88 |   167 |   151 |   258 |    87 ||   751
         Bite              |       |       |       |       |    23 |    73 |       |    36 |       ||   132
         Pseudopods        |       |       |       |       |       |    81 |    41 |    56 |       ||   178
   Fire: Arbalest          |       |       |       |       |   241 |   763 |   806 |   991 |  1265 ||  4066
 Invoke: Oozemancy         |       |       |       |       |     2 |     4 |     3 |     3 |    10 ||    22
         Slimify           |       |       |       |       |       |     1 |       |       |     1 ||     2
Ability: Steam Breath      |       |       |     2 |     1 |       |       |       |       |       ||     3
         Siphon Essence    |       |       |       |       |       |       |       |       |     2 ||     2
  Evoke: Condenser vane    |       |       |       |       |       |       |       |     1 |     1 ||     2
         Wand              |       |       |       |       |       |       |       |       |     2 ||     2
         Horn of Geryon    |       |       |       |       |       |       |       |       |     2 ||     2
    Use: Potion            |       |     2 |     1 |     3 |     1 |     2 |       |     7 |     2 ||    18
         Scroll            |       |     5 |       |    15 |     5 |     4 |     4 |     5 |    13 ||    51
   Stab: Sleeping          |     1 |       |       |       |     1 |       |     1 |       |     3 ||     6
         Distracted        |       |       |       |       |     1 |     2 |       |       |     3 ||     6
         Confused          |       |       |       |       |       |       |       |       |     1 ||     1
 Armour: Skin              |    47 |    93 |   169 |   316 |   463 |   353 |   268 |   531 |  1023 ||  3263
  Dodge: Dodged            |    29 |    78 |   241 |   428 |   573 |   742 |   701 |  1074 |  1972 ||  5838
  Block: Other             |       |       |       |       |       |       |    70 |   335 |   419 ||   824
         Reflection        |       |       |       |       |       |       |     9 |    13 |    16 ||    38
   Form: Flux              |       |       |     1 |       |       |       |       |       |       ||     1
         Beast             |       |       |       |       |     1 |       |       |       |       ||     1
         Maw               |       |       |       |       |     1 |       |       |       |       ||     1
         Death             |       |       |       |       |       |       |       |       |     1 ||     1

Table legend: (Time is in decaauts)
 A = Elapsed time spent in this place.
 B = Non-inter-level travel time spent in this place.
 C = Inter-level travel time spent in this place.
 D = Time resting spent in this place.
 E = Time spent auto-exploring this place.
 F = Levels seen in this place.
 G = Mean time per level.
                   A        B        C        D        E       F      G
               +--------+--------+--------+--------+--------+-----+--------+
         Total |  60903 |  54971 |   5932 |   3089 |  33519 |  78 |  780.8 |
       Dungeon |  13882 |  12357 |   1525 |    603 |   8853 |  15 |  925.5 |
          Lair |   5434 |   4885 |    549 |     66 |   3367 |   5 | 1086.8 |
        Shoals |   3673 |   3408 |    265 |    209 |   2338 |   4 |  918.2 |
   Spider Nest |   3565 |   3284 |    281 |    283 |   1909 |   4 |  891.2 |
    Slime Pits |    712 |    602 |    110 |      0 |    431 |   5 |  142.4 |
  Orcish Mines |   2310 |   1778 |    532 |      0 |    902 |   2 | 1155.0 |
   Elven Halls |   3176 |   2719 |    457 |     16 |   1822 |   3 | 1058.7 |
        Vaults |   4654 |   4134 |    520 |    173 |   2611 |   4 | 1163.5 |
         Crypt |   2693 |   2546 |    147 |    206 |   1486 |   3 |  897.7 |
        Depths |   5026 |   4087 |    939 |    327 |   2211 |   4 | 1256.5 |
          Hell |    701 |    658 |     43 |     89 |    261 |   1 |  701.0 |
           Dis |     40 |     40 |      0 |      0 |     18 |   1 |   40.0 |
       Cocytus |     98 |     98 |      0 |      0 |      0 |   2 |   49.0 |
           Zot |   5217 |   4656 |    561 |    168 |   3025 |   5 | 1043.4 |
         Abyss |    354 |    354 |      0 |      0 |     12 |   4 |   88.5 |
   Pandemonium |   7884 |   7884 |      0 |    787 |   4049 |  12 |  657.0 |
        Bazaar |     98 |     98 |      0 |      0 |      0 |   1 |   98.0 |
         Sewer |    395 |    395 |      0 |     56 |    110 |   1 |  395.0 |
    Desolation |    625 |    625 |      0 |      0 |    113 |   1 |  625.0 |
      Gauntlet |    358 |    358 |      0 |    106 |      0 |   1 |  358.0 |
               +--------+--------+--------+--------+--------+-----+--------+

Top non-repeatable levels by time:
Depths:4: 1896 daAuts
   Orc:2: 1665 daAuts
   Elf:3: 1462 daAuts
     D:4: 1432 daAuts
    D:14: 1399 daAuts
Spider:1: 1345 daAuts
   Zot:3: 1333 daAuts
  Lair:3: 1297 daAuts
Vaults:1: 1289 daAuts
Vaults:3: 1285 daAuts
Vaults:2: 1279 daAuts
     D:8: 1218 daAuts
  Lair:1: 1166 daAuts
Depths:1: 1142 daAuts
   Zot:1: 1106 daAuts
